Workbook

Sheet Análisis Datos
D1: ANÁLISIS DE NEGOCIO CONSOLIDADO 2019
F5: =CONCATENATE("Ventas totales ",G9) -> Ventas totales Marzo | O5: =CONCATENATE("Ventas acumuladas ") -> Ventas acumuladas
J7: Mes | K7: Marzo
G9: =K7 -> Marzo | H9: Acum | J9: =CONCATENATE(G9," ","18") -> Marzo 18 | K9: % | L9: Acum 18 | M9: % | O9: =CONCATENATE(G9," ","BG") -> Marzo BG | P9: % | Q9: Acum BG | R9: %
F10: Ingresos | G10: =VLOOKUP($F$10,'Cta Resultados'!P3:AB3,MATCH('Análisis Datos'!$G$9,'Cta Resultados'!P2:AB2,0),0) -> 49830.649 | H10: =SUMPRODUCT('Cta Resultados'!$Q$1:$AB$1,'Cta Resultados'!Q3:AB3) -> 156109.89 | J10: =VLOOKUP($F$10,'Cta Resultados'!A3:N3,MATCH('Análisis Datos'!$G$9,'Cta Resultados'!A2:N2,0),0) -> 47690.29 | K10: =G10/J10-1 -> 0.044880394 | L10: =SUMPRODUCT('Cta Resultados'!$Q$1:$AB$1,'Cta Resultados'!B3:M3) -> 109458.85 | M10: =H10/L10-1 -> 0.42619705 | O10: =VLOOKUP($F$10,'Cta Resultados'!AE3:AR3,MATCH('Análisis Datos'!$G$9,'Cta Resultados'!AE2:AR2,0),0) -> 53818 | P10: =IFERROR(G10/O10-1,"") -> -0.074089542 | Q10: =SUMPRODUCT('Cta Resultados'!$Q$1:$AB$1,'Cta Resultados'!AF3:AQ3) -> 161454 | R10: =IFERROR(H10/Q10-1,"") -> -0.033099898
F12: Coste personal | G12: =VLOOKUP($F$12,'Cta Resultados'!P13:AB13,MATCH('Análisis Datos'!$G$9,'Cta Resultados'!P2:AB2,0),0) -> 27894.9 | H12: =SUMPRODUCT('Cta Resultados'!$Q$1:$AB$1,'Cta Resultados'!Q13:AB13) -> 88094.47 | J12: =VLOOKUP($F$12,'Cta Resultados'!A13:N13,MATCH('Análisis Datos'!$G$9,'Cta Resultados'!A2:N2,0),0) -> 20332.28 | K12: =G12/J12-1 -> 0.3719514 | L12: =SUMPRODUCT('Cta Resultados'!$Q$1:$AB$1,'Cta Resultados'!B13:M13) -> 55605.627 | M12: =H12/L12-1 -> 0.58427258 | O12: =VLOOKUP($F$12,'Cta Resultados'!AE13:AR13,MATCH('Análisis Datos'!$G$9,'Cta Resultados'!AE2:AR2,0),0) -> 0 | P12: =IFERROR(G12/O12-1,"") | Q12: =SUMPRODUCT('Cta Resultados'!$Q$1:$AB$1,'Cta Resultados'!AF13:AQ13) -> 0 | R12: =IFERROR(H12/Q12-1,"")
F14: Gastos Indirectos | G14: =VLOOKUP($F$14,'Cta Resultados'!P27:AB27,MATCH('Análisis Datos'!$G$9,'Cta Resultados'!P2:AB2,0),0) -> 10782.74 | H14: =SUMPRODUCT('Cta Resultados'!Q27:AB27,'Cta Resultados'!$Q$1:$AB$1) -> 32609.88 | J14: =VLOOKUP($F$14,'Cta Resultados'!A27:N27,MATCH('Análisis Datos'!$G$9,'Cta Resultados'!A2:N2,0),0) -> 14488.31 | K14: =G14/J14-1 -> -0.25576275 | L14: =SUMPRODUCT('Cta Resultados'!B27:M27,'Cta Resultados'!$Q$1:$AB$1) -> 40875.4 | M14: =H14/L14-1 -> -0.20221258 | O14: =VLOOKUP($F$14,'Cta Resultados'!AE27:AR27,MATCH('Análisis Datos'!$G$9,'Cta Resultados'!AE2:AR2,0),0) -> 0 | P14: =IFERROR(G14/O14-1,"") | Q14: =SUMPRODUCT('Cta Resultados'!AF27:AQ27,'Cta Resultados'!$Q$1:$AB$1) -> 0 | R14: =IFERROR(H14/Q14-1,"")
F16: Resultado | G16: =G10-G12-G14 -> 11153.009 | H16: =SUMPRODUCT('Cta Resultados'!Q53:AB53,'Cta Resultados'!$Q$1:$AB$1) -> 32231.529 | J16: =VLOOKUP("Resultado Neto antes de I.S.",'Cta Resultados'!A53:N53,MATCH('Análisis Datos'!$G$9,'Cta Resultados'!A2:N2,0),0) -> 11758.68 | K16: =G16/J16-1 -> -0.051508417 | L16: =SUMPRODUCT('Cta Resultados'!B53:M53,'Cta Resultados'!$Q$1:$AB$1) -> 9305.433 | M16: =H16/L16-1 -> 2.4637323 | O16: =VLOOKUP("Resultado Neto antes de I.S.",'Cta Resultados'!AE53:AR53,MATCH('Análisis Datos'!$G$9,'Cta Resultados'!AE2:AR2,0),0) -> 0 | P16: =IFERROR(G16/O16-1,"") | Q16: =SUMPRODUCT('Cta Resultados'!AF53:AQ53,'Cta Resultados'!$Q$1:$AB$1) -> 0 | R16: =IFERROR(H16/Q16-1,"")

Sheet Análisis Datos AL 2
D1: ANÁLISIS DE NEGOCIO ALMENDRALEJO 2019
F3: ALMENDRALEJO
F5: =CONCATENATE("Ventas totales ",G9) -> Ventas totales Marzo | O5: =CONCATENATE("Ventas acumuladas ") -> Ventas acumuladas
J7: Mes | K7: ='Análisis Datos'!K7 -> Marzo
G9: =K7 -> Marzo | H9: Acum | J9: =CONCATENATE(G9," ","18") -> Marzo 18 | K9: % | L9: Acum 18 | M9: % | O9: =CONCATENATE(G9," ","BG") -> Marzo BG | P9: % | Q9: Acum BG | R9: %
F10: Ingresos | G10: =VLOOKUP(F3,'Cta Resultados'!P10:AB10,MATCH('Análisis Datos AL 2'!$G$9,'Cta Resultados'!P2:AB2,0),0) -> 26959.96 | H10: =SUMPRODUCT('Cta Resultados'!$Q$1:$AB$1,'Cta Resultados'!Q10:AB10) -> 57339.76 | J10: =VLOOKUP($F$3,'Cta Resultados'!A10:N10,MATCH('Análisis Datos AL 2'!$G$9,'Cta Resultados'!A2:N2,0),0) -> 11468.71 | K10: =G10/J10-1 -> 1.3507404 | L10: =SUMPRODUCT('Cta Resultados'!$Q$1:$AB$1,'Cta Resultados'!B10:M10) -> 27467.93 | M10: =H10/L10-1 -> 1.0875166 | O10: =VLOOKUP($F$3,'Cta Resultados'!AE10:AR10,MATCH('Análisis Datos AL 2'!$G$9,'Cta Resultados'!AE2:AR2,0),0) -> 0 | P10: =IFERROR(G10/O10-1,"") | Q10: =SUMPRODUCT('Cta Resultados'!$Q$1:$AB$1,'Cta Resultados'!AF10:AQ10) -> 0 | R10: =IFERROR(H10/Q10-1,"")
F12: Coste personal | G12: =VLOOKUP($F$3,'Cta Resultados'!P23:AB23,MATCH('Análisis Datos AL 2'!$G$9,'Cta Resultados'!P2:AB2,0),0) -> 9023.7 | H12: =SUMPRODUCT('Cta Resultados'!$Q$1:$AB$1,'Cta Resultados'!Q23:AB23) -> 32423.03 | J12: =VLOOKUP($F$3,'Cta Resultados'!A23:N23,MATCH('Análisis Datos AL 2'!$G$9,'Cta Resultados'!A2:N2,0),0) -> 7403.96 | K12: =G12/J12-1 -> 0.21876671 | L12: =SUMPRODUCT('Cta Resultados'!$Q$1:$AB$1,'Cta Resultados'!B23:M23) -> 19494.87 | M12: =H12/L12-1 -> 0.66315703 | O12: =VLOOKUP($F$3,'Cta Resultados'!AE23:AR23,MATCH('Análisis Datos AL 2'!$G$9,'Cta Resultados'!AE2:AR2,0),0) -> 0 | P12: =IFERROR(G12/O12-1,"") | Q12: =SUMPRODUCT('Cta Resultados'!$Q$1:$AB$1,'Cta Resultados'!AF23:AQ23) -> 0 | R12: =IFERROR(H12/Q12-1,"")
F14: Gastos Indirectos | G14: =VLOOKUP($F$3,'Cta Resultados'!P28:AB28,MATCH('Análisis Datos AL 2'!$G$9,'Cta Resultados'!P2:AB2,0),0) -> 4860.91 | H14: =SUMPRODUCT('Cta Resultados'!Q28:AB28,'Cta Resultados'!$Q$1:$AB$1) -> 12274.95 | J14: =VLOOKUP($F$3,'Cta Resultados'!A28:N28,MATCH('Análisis Datos AL 2'!$G$9,'Cta Resultados'!A2:N2,0),0) -> 5548.35 | K14: =G14/J14-1 -> -0.1238999 | L14: =SUMPRODUCT('Cta Resultados'!B28:M28,'Cta Resultados'!$Q$1:$AB$1) -> 12625.03 | M14: =H14/L14-1 -> -0.027729043 | O14: =VLOOKUP($F$3,'Cta Resultados'!AE28:AR28,MATCH('Análisis Datos AL 2'!$G$9,'Cta Resultados'!AE2:AR2,0),0) -> 0 | P14: =IFERROR(G14/O14-1,"") | Q14: =SUMPRODUCT('Cta Resultados'!AF28:AQ28,'Cta Resultados'!$Q$1:$AB$1) -> 0 | R14: =IFERROR(H14/Q14-1,"")
F16: Resultado | G16: =G10-G12-G14 -> 13075.35 | H16: =H10-H12-H14 -> 12641.78 | J16: =J10-J12-J14 -> -1483.6 | K16: =G16/J16-1 -> -9.8132583 | L16: =L10-L12-L14 -> -4651.97 | M16: =H16/L16-1 -> -3.7175111 | O16: =VLOOKUP("Resultado Neto antes de I.S.",'Cta Resultados'!AE53:AR53,MATCH('Análisis Datos AL 2'!$G$9,'Cta Resultados'!AE2:AR2,0),0) -> 0 | P16: =IFERROR(G16/O16-1,"") | Q16: =SUMPRODUCT('Cta Resultados'!AF53:AQ53,'Cta Resultados'!$Q$1:$AB$1) -> 0 | R16: =IFERROR(H16/Q16-1,"")

Sheet Análisis Datos ME
D1: ANÁLISIS DE NEGOCIO MERIDA 2019
F3: MERIDA
F5: =CONCATENATE("Ventas totales ",G9) -> Ventas totales Marzo | O5: =CONCATENATE("Ventas acumuladas ") -> Ventas acumuladas
J7: Mes | K7: ='Análisis Datos'!K7 -> Marzo
G9: =K7 -> Marzo | H9: Acum | J9: =CONCATENATE(G9," ","18") -> Marzo 18 | K9: % | L9: Acum 18 | M9: % | O9: =CONCATENATE(G9," ","BG") -> Marzo BG | P9: % | Q9: Acum BG | R9: %
F10: Ingresos | G10: =VLOOKUP(F3,'Cta Resultados'!P11:AB11,MATCH('Análisis Datos ME'!$G$9,'Cta Resultados'!P2:AB2,0),0) -> 22870.689 | H10: =SUMPRODUCT('Cta Resultados'!$Q$1:$AB$1,'Cta Resultados'!Q11:AB11) -> 98770.129 | J10: =VLOOKUP($F$3,'Cta Resultados'!A11:N11,MATCH('Análisis Datos ME'!$G$9,'Cta Resultados'!A2:N2,0),0) -> 36221.58 | K10: =G10/J10-1 -> -0.36858942 | L10: =SUMPRODUCT('Cta Resultados'!$Q$1:$AB$1,'Cta Resultados'!B11:M11) -> 81990.92 | M10: =H10/L10-1 -> 0.20464716 | O10: =VLOOKUP($F$3,'Cta Resultados'!AE11:AR11,MATCH('Análisis Datos ME'!$G$9,'Cta Resultados'!AE2:AR2,0),0) -> 0 | P10: =IFERROR(G10/O10-1,"") | Q10: =SUMPRODUCT('Cta Resultados'!$Q$1:$AB$1,'Cta Resultados'!AF11:AQ11) -> 0 | R10: =IFERROR(H10/Q10-1,"")
F12: Coste personal | G12: =VLOOKUP($F$3,'Cta Resultados'!P24:AB24,MATCH('Análisis Datos ME'!$G$9,'Cta Resultados'!P2:AB2,0),0) -> 18871.2 | H12: =SUMPRODUCT('Cta Resultados'!$Q$1:$AB$1,'Cta Resultados'!Q24:AB24) -> 55671.44 | J12: =VLOOKUP($F$3,'Cta Resultados'!A24:N24,MATCH('Análisis Datos ME'!$G$9,'Cta Resultados'!A2:N2,0),0) -> 12928.32 | K12: =G12/J12-1 -> 0.45967922 | L12: =SUMPRODUCT('Cta Resultados'!$Q$1:$AB$1,'Cta Resultados'!B24:M24) -> 36110.757 | M12: =H12/L12-1 -> 0.54168576 | O12: =VLOOKUP($F$3,'Cta Resultados'!AE24:AR24,MATCH('Análisis Datos ME'!$G$9,'Cta Resultados'!AE2:AR2,0),0) -> 0 | P12: =IFERROR(G12/O12-1,"") | Q12: =SUMPRODUCT('Cta Resultados'!$Q$1:$AB$1,'Cta Resultados'!AF24:AQ24) -> 0 | R12: =IFERROR(H12/Q12-1,"")
F14: Gastos Indirectos | G14: =VLOOKUP($F$3,'Cta Resultados'!P29:AB29,MATCH('Análisis Datos ME'!$G$9,'Cta Resultados'!P2:AB2,0),0) -> 5921.83 | H14: =SUMPRODUCT('Cta Resultados'!Q29:AB29,'Cta Resultados'!$Q$1:$AB$1) -> 20334.93 | J14: =VLOOKUP($F$3,'Cta Resultados'!A29:N29,MATCH('Análisis Datos ME'!$G$9,'Cta Resultados'!A2:N2,0),0) -> 8939.96 | K14: =G14/J14-1 -> -0.33759994 | L14: =SUMPRODUCT('Cta Resultados'!B29:M29,'Cta Resultados'!$Q$1:$AB$1) -> 28250.37 | M14: =H14/L14-1 -> -0.2801889 | O14: =VLOOKUP($F$3,'Cta Resultados'!AE29:AR29,MATCH('Análisis Datos ME'!$G$9,'Cta Resultados'!AE2:AR2,0),0) -> 0 | P14: =IFERROR(G14/O14-1,"") | Q14: =SUMPRODUCT('Cta Resultados'!AF29:AQ29,'Cta Resultados'!$Q$1:$AB$1) -> 0 | R14: =IFERROR(H14/Q14-1,"")
F16: Resultado | G16: =G10-G12-G14 -> -1922.341 | H16: =H10-H12-H14 -> 22763.759 | J16: =J10-J12-J14 -> 14353.3 | K16: =G16/J16-1 -> -1.1339302 | L16: =L10-L12-L14 -> 17629.793 | M16: =H16/L16-1 -> 0.29120966 | O16: =VLOOKUP("Resultado Neto antes de I.S.",'Cta Resultados'!AE53:AR53,MATCH('Análisis Datos ME'!$G$9,'Cta Resultados'!AE2:AR2,0),0) -> 0 | P16: =IFERROR(G16/O16-1,"") | Q16: =SUMPRODUCT('Cta Resultados'!AF53:AQ53,'Cta Resultados'!$Q$1:$AB$1) -> 0 | R16: =IFERROR(H16/Q16-1,"")

Sheet Cta Resultados
B1: 1 | C1: 1 | D1: 1 | E1: 1 | F1: 1 | G1: 1 | H1: 1 | I1: 1 | J1: 1 | K1: 1 | L1: 1 | M1: 1 | Q1: =IF('Análisis Datos'!$G$9="Enero",1,IF('Análisis Datos'!$G$9="Febrero",1,IF('Análisis Datos'!$G$9="Marzo",1,IF('Análisis Datos'!$G$9="Abril",1,IF('Análisis Datos'!$G$9="Mayo",1,IF('Análisis Datos'!$G$9="Junio",1,IF('Análisis Datos'!$G$9="Julio",1,IF('Análisis Datos'!$G$9="Agosto",1,IF('Análisis Datos'!$G$9="Septiembre",1,IF('Análisis Datos'!$G$9="Octubre",1,IF('Análisis Datos'!$G$9="Noviembre",1,IF('Análisis Datos'!$G$9="Diciembre",1,0)))))))))))) -> 1 | R1: =IF('Análisis Datos'!$G$9="Febrero",1,IF('Análisis Datos'!$G$9="Marzo",1,IF('Análisis Datos'!$G$9="Abril",1,IF('Análisis Datos'!$G$9="Mayo",1,IF('Análisis Datos'!$G$9="Junio",1,IF('Análisis Datos'!$G$9="Julio",1,IF('Análisis Datos'!$G$9="Agosto",1,IF('Análisis Datos'!$G$9="Septiembre",1,IF('Análisis Datos'!$G$9="Octubre",1,IF('Análisis Datos'!$G$9="Noviembre",1,IF('Análisis Datos'!$G$9="Diciembre",1,0))))))))))) -> 1 | S1: =IF('Análisis Datos'!$G$9="Marzo",1,IF('Análisis Datos'!$G$9="Abril",1,IF('Análisis Datos'!$G$9="Mayo",1,IF('Análisis Datos'!$G$9="Junio",1,IF('Análisis Datos'!$G$9="Julio",1,IF('Análisis Datos'!$G$9="Agosto",1,IF('Análisis Datos'!$G$9="Septiembre",1,IF('Análisis Datos'!$G$9="Octubre",1,IF('Análisis Datos'!$G$9="Noviembre",1,IF('Análisis Datos'!$G$9="Diciembre",1,0)))))))))) -> 1 | T1: =IF('Análisis Datos'!$G$9="Abril",1,IF('Análisis Datos'!$G$9="Mayo",1,IF('Análisis Datos'!$G$9="Junio",1,IF('Análisis Datos'!$G$9="Julio",1,IF('Análisis Datos'!$G$9="Agosto",1,IF('Análisis Datos'!$G$9="Septiembre",1,IF('Análisis Datos'!$G$9="Octubre",1,IF('Análisis Datos'!$G$9="Noviembre",1,IF('Análisis Datos'!$G$9="Diciembre",1,0))))))))) -> 0 | U1: =IF('Análisis Datos'!$G$9="Mayo",1,IF('Análisis Datos'!$G$9="Junio",1,IF('Análisis Datos'!$G$9="Julio",1,IF('Análisis Datos'!$G$9="Agosto",1,IF('Análisis Datos'!$G$9="Septiembre",1,IF('Análisis Datos'!$G$9="Octubre",1,IF('Análisis Datos'!$G$9="Noviembre",1,IF('Análisis Datos'!$G$9="Diciembre",1,0)))))))) -> 0 | V1: =IF('Análisis Datos'!$G$9="Junio",1,IF('Análisis Datos'!$G$9="Julio",1,IF('Análisis Datos'!$G$9="Agosto",1,IF('Análisis Datos'!$G$9="Septiembre",1,IF('Análisis Datos'!$G$9="Octubre",1,IF('Análisis Datos'!$G$9="Noviembre",1,IF('Análisis Datos'!$G$9="Diciembre",1,0))))))) -> 0 | W1: =IF('Análisis Datos'!$G$9="Julio",1,IF('Análisis Datos'!$G$9="Agosto",1,IF('Análisis Datos'!$G$9="Septiembre",1,IF('Análisis Datos'!$G$9="Octubre",1,IF('Análisis Datos'!$G$9="Noviembre",1,IF('Análisis Datos'!$G$9="Diciembre",1,0)))))) -> 0 | X1: =IF('Análisis Datos'!$G$9="Agosto",1,IF('Análisis Datos'!$G$9="Septiembre",1,IF('Análisis Datos'!$G$9="Octubre",1,IF('Análisis Datos'!$G$9="Noviembre",1,IF('Análisis Datos'!$G$9="Diciembre",1,0))))) -> 0 | Y1: =IF('Análisis Datos'!$G$9="Septiembre",1,IF('Análisis Datos'!$G$9="Octubre",1,IF('Análisis Datos'!$G$9="Noviembre",1,IF('Análisis Datos'!$G$9="Diciembre",1,0)))) -> 0 | Z1: =IF('Análisis Datos'!$G$9="Octubre",1,IF('Análisis Datos'!$G$9="Noviembre",1,IF('Análisis Datos'!$G$9="Diciembre",1,0))) -> 0 | AA1: =IF('Análisis Datos'!$G$9="Noviembre",1,IF('Análisis Datos'!$G$9="Diciembre",1,0)) -> 0 | AB1: =IF('Análisis Datos'!$G$9="Noviembre",1,IF('Análisis Datos'!$G$9="Diciembre",1,0)) -> 0
A2: 2018 | B2: Enero | C2: Febrero | D2: Marzo | E2: Abril | F2: Mayo | G2: Junio | H2: Julio | I2: Agosto | J2: Septiembre | K2: Octubre | L2: Noviembre | M2: Diciembre | N2: Total | P2: 2019 | Q2: Enero | R2: Febrero | S2: Marzo | T2: Abril | U2: Mayo | V2: Junio | W2: Julio | X2: Agosto | Y2: Septiembre | Z2: Octubre | AA2: Noviembre | AB2: Diciembre | AC2: Total | AE2: 2019 Budget | AF2: Enero | AG2: Febrero | AH2: Marzo | AI2: Abril | AJ2: Mayo | AK2: Junio | AL2: Julio | AM2: Agosto | AN2: Septiembre | AO2: Octubre | AP2: Noviembre | AQ2: Diciembre | AR2: Total
A3: Ingresos | B3: 32579.17 | C3: 29189.39 | D3: 47690.29 | E3: 47464.07 | F3: 32929.94 | G3: 24244.12 | H3: 42547.55 | I3: 12974.86 | J3: 22140.6 | K3: 18703.25 | L3: 27978.1 | M3: 37262.62 | N3: 375703.96 | P3: Ingresos | Q3: =Q4+Q7 -> 59177.493 | R3: =R4+R7 -> 47101.747 | S3: =S4+S7 -> 49830.649 | T3: =T4+T7 -> 0 | U3: =U4+U7 -> 0 | V3: =V4+V7 -> 0 | W3: =W4+W7 -> 0 | X3: =X4+X7 -> 0 | ... AB3: =AB4+AB7 -> 0 | AC3: =SUM(Q3:AB3) -> 156109.89 | AE3: Ingresos | AF3: 53818 | AG3: 53818 | AH3: 53818 | AI3: 53818 | AJ3: 53818 | AK3: 53818 | AL3: 53818 | AM3: 8000 | AN3: 53818 | AO3: 53818 | AP3: 53818 | AQ3: 53818 | AR3: =SUM(AF3:AQ3) -> 599998
A4: Facturas | B4: 25020.7 | C4: 25439.39 | D4: 37558.48 | E4: 44713.5 | F4: 28456.09 | G4: 17300.64 | H4: 31942.55 | I4: 10975.36 | J4: 17111.66 | K4: 11846.28 | L4: 25168.1 | M4: 36172.62 | N4: 311705.37 | P4: Facturas | Q4: =SUMIFS(Facturas!$D$2:$D$3000,Facturas!$I$2:$I$3000,'Cta Resultados'!Q2) -> 22885.27 | R4: =SUMIFS(Facturas!$D$2:$D$3000,Facturas!$I$2:$I$3000,'Cta Resultados'!R2) -> 43027.78 | S4: =SUMIFS(Facturas!$D$2:$D$3000,Facturas!$I$2:$I$3000,'Cta Resultados'!S2) -> 35733.93 | T4: =SUMIFS(Facturas!$D$2:$D$3000,Facturas!$I$2:$I$3000,'Cta Resultados'!T2) -> 0 | U4: =SUMIFS(Facturas!$D$2:$D$3000,Facturas!$I$2:$I$3000,'Cta Resultados'!U2) -> 0 | V4: =SUMIFS(Facturas!$D$2:$D$3000,Facturas!$I$2:$I$3000,'Cta Resultados'!V2) -> 0 | W4: =SUMIFS(Facturas!$D$2:$D$3000,Facturas!$I$2:$I$3000,'Cta Resultados'!W2) -> 0 | X4: =SUMIFS(Facturas!$D$2:$D$3000,Facturas!$I$2:$I$3000,'Cta Resultados'!X2) -> 0 | ... AB4: =SUMIFS(Facturas!$D$2:$D$3000,Facturas!$I$2:$I$3000,'Cta Resultados'!AB2) -> 0 | AC4: =SUM(Q4:AB4) -> 101646.98 | AE4: Facturas | AF4: =SUM(AF6+AF5) -> 0 | AG4: =SUM(AG6+AG5) -> 0 | AH4: =SUM(AH6+AH5) -> 0 | AI4: =SUM(AI6+AI5) -> 0 | AJ4: =SUM(AJ6+AJ5) -> 0 | AK4: =SUM(AK6+AK5) -> 0 | AL4: =SUM(AL6+AL5) -> 0 | AM4: =SUM(AM6+AM5) -> 0 | ... AQ4: =SUM(AQ6+AQ5) -> 0 | AR4: =SUM(AF4:AQ4) -> 0
A5: ALMENDRALEJO | B5: 5445.26 | C5: 3397.93 | D5: 9934 | E5: 23019.95 | F5: 5330.58 | G5: 4000 | H5: 19562.81 | I5: 1300 | J5: 4500 | K5: 1300 | L5: 2782.65 | M5: 13820.72 | N5: 94393.9 | P5: ALMENDRALEJO | Q5: =SUMIFS(Facturas!$D:$D,Facturas!$H:$H,"A",Facturas!$I:$I,'Cta Resultados'!Q2) -> 4644.63 | R5: =SUMIFS(Facturas!$D:$D,Facturas!$H:$H,"A",Facturas!$I:$I,'Cta Resultados'!R2) -> 26385.17 | S5: =SUMIFS(Facturas!$D:$D,Facturas!$H:$H,"A",Facturas!$I:$I,'Cta Resultados'!S2) -> 19306.96 | T5: =SUMIFS(Facturas!$D:$D,Facturas!$H:$H,"A",Facturas!$I:$I,'Cta Resultados'!T2) -> 0 | U5: =SUMIFS(Facturas!$D:$D,Facturas!$H:$H,"A",Facturas!$I:$I,'Cta Resultados'!U2) -> 0 | V5: =SUMIFS(Facturas!$D:$D,Facturas!$H:$H,"A",Facturas!$I:$I,'Cta Resultados'!V2) -> 0 | W5: =SUMIFS(Facturas!$D:$D,Facturas!$H:$H,"A",Facturas!$I:$I,'Cta Resultados'!W2) -> 0 | X5: =SUMIFS(Facturas!$D:$D,Facturas!$H:$H,"A",Facturas!$I:$I,'Cta Resultados'!X2) -> 0 | ... AB5: =SUMIFS(Facturas!$D:$D,Facturas!$H:$H,"A",Facturas!$I:$I,'Cta Resultados'!AB2) -> 0 | AC5: =SUM(Q5:AB5) -> 50336.76 | AE5: ALMENDRALEJO | AR5: =SUM(AF5:AQ5) -> 0 | AS5: Rellenar
A6: MERIDA | B6: 19575.44 | C6: 22041.46 | D6: 27624.48 | E6: 21693.55 | F6: 23125.51 | G6: 13300.64 | H6: 12379.74 | I6: 9675.36 | J6: 12611.66 | K6: 10546.28 | L6: 22385.45 | M6: 22351.9 | N6: 217311.47 | P6: MERIDA | Q6: =SUMIFS(Facturas!$D:$D,Facturas!$H:$H,"M",Facturas!$I:$I,'Cta Resultados'!Q2) -> 18240.64 | R6: =SUMIFS(Facturas!$D:$D,Facturas!$H:$H,"M",Facturas!$I:$I,'Cta Resultados'!R2) -> 16642.61 | S6: =SUMIFS(Facturas!$D:$D,Facturas!$H:$H,"M",Facturas!$I:$I,'Cta Resultados'!S2) -> 16426.97 | T6: =SUMIFS(Facturas!$D:$D,Facturas!$H:$H,"M",Facturas!$I:$I,'Cta Resultados'!T2) -> 0 | U6: =SUMIFS(Facturas!$D:$D,Facturas!$H:$H,"M",Facturas!$I:$I,'Cta Resultados'!U2) -> 0 | V6: =SUMIFS(Facturas!$D:$D,Facturas!$H:$H,"M",Facturas!$I:$I,'Cta Resultados'!V2) -> 0 | W6: =SUMIFS(Facturas!$D:$D,Facturas!$H:$H,"M",Facturas!$I:$I,'Cta Resultados'!W2) -> 0 | X6: =SUMIFS(Facturas!$D:$D,Facturas!$H:$H,"M",Facturas!$I:$I,'Cta Resultados'!X2) -> 0 | ... AB6: =SUMIFS(Facturas!$D:$D,Facturas!$H:$H,"M",Facturas!$I:$I,'Cta Resultados'!AB2) -> 0 | AC6: =SUM(Q6:AB6) -> 51310.22 | AE6: MERIDA | AR6: =SUM(AF6:AQ6) -> 0 | AS6: Rellenar
A7: Proformas | B7: 7558.47 | C7: 3750 | D7: 10131.81 | E7: 2750.57 | F7: 4473.85 | G7: 6943.48 | H7: 10605 | I7: 1999.5 | J7: 5028.94 | K7: 6856.97 | L7: 2810 | M7: 1090 | N7: 63998.59 | P7: Proformas | Q7: =Q8+Q9 -> 36292.223 | R7: =R8+R9 -> 4073.9669 | S7: =S8+S9 -> 14096.719 | T7: =Proformas!M7 -> 0 | U7: =Proformas!N7 -> 0 | V7: =Proformas!O7 -> 0 | W7: =Proformas!P7 -> 0 | X7: =Proformas!Q7 -> 0 | Y7: =Proformas!R7 -> 0 | Z7: =Proformas!S7 -> 0 | AA7: =Proformas!T7 -> 0 | AB7: =Proformas!U7 -> 0 | AC7: =SUM(Q7:AB7) -> 54462.909 | AE7: Proformas | AF7: =SUM(AF9+AF8) -> 0 | AG7: =SUM(AG9+AG8) -> 0 | AH7: =SUM(AH9+AH8) -> 0 | AI7: =SUM(AI9+AI8) -> 0 | AJ7: =SUM(AJ9+AJ8) -> 0 | AK7: =SUM(AK9+AK8) -> 0 | AL7: =SUM(AL9+AL8) -> 0 | AM7: =SUM(AM9+AM8) -> 0 | ... AQ7: =SUM(AQ9+AQ8) -> 0 | AR7: =SUM(AF7:AQ7) -> 0
A8: ALMENDRALEJO | B8: 6241.03 | C8: 915 | D8: 1534.71 | E8: 0 | F8: 2336.21 | G8: 1900 | H8: 4550 | I8: 250 | J8: 2135 | K8: 3550 | L8: 500 | M8: 250 | N8: 24161.95 | P8: ALMENDRALEJO | Q8: =SUMIFS(Proformas!$D:$D,Proformas!$A:$A,"A",Proformas!$B:$B,'Cta Resultados'!Q2) -> -650 | R8: =SUMIFS(Proformas!$D:$D,Proformas!$A:$A,"A",Proformas!$B:$B,'Cta Resultados'!R2) -> 0 | S8: =SUMIFS(Proformas!$D:$D,Proformas!$A:$A,"A",Proformas!$B:$B,'Cta Resultados'!S2) -> 7653 | T8: =SUMIFS(Proformas!$D:$D,Proformas!$A:$A,"A",Proformas!$B:$B,'Cta Resultados'!T2) -> 0 | U8: =SUMIFS(Proformas!$D:$D,Proformas!$A:$A,"A",Proformas!$B:$B,'Cta Resultados'!U2) -> 0 | V8: =SUMIFS(Proformas!$D:$D,Proformas!$A:$A,"A",Proformas!$B:$B,'Cta Resultados'!V2) -> 0 | W8: =SUMIFS(Proformas!$D:$D,Proformas!$A:$A,"A",Proformas!$B:$B,'Cta Resultados'!W2) -> 0 | X8: =SUMIFS(Proformas!$D:$D,Proformas!$A:$A,"A",Proformas!$B:$B,'Cta Resultados'!X2) -> 0 | ... AB8: =SUMIFS(Proformas!$D:$D,Proformas!$A:$A,"A",Proformas!$B:$B,'Cta Resultados'!AB2) -> 0 | AC8: =SUM(Q8:AB8) -> 7003 | AE8: ALMENDRALEJO | AR8: =SUM(AF8:AQ8) -> 0 | AS8: Rellenar
A9: MERIDA | B9: 1317.44 | C9: 2835 | D9: 8597.1 | E9: 2750.57 | F9: 2137.64 | G9: 5043.48 | H9: 6055 | I9: 1749.5 | J9: 2893.94 | K9: 3306.97 | L9: 2310 | M9: 840 | N9: 39836.64 | P9: MERIDA | Q9: =SUMIFS(Proformas!$D:$D,Proformas!$A:$A,"M",Proformas!$B:$B,'Cta Resultados'!Q2) -> 36942.223 | R9: =SUMIFS(Proformas!$D:$D,Proformas!$A:$A,"M",Proformas!$B:$B,'Cta Resultados'!R2) -> 4073.9669 | S9: =SUMIFS(Proformas!$D:$D,Proformas!$A:$A,"M",Proformas!$B:$B,'Cta Resultados'!S2) -> 6443.719 | T9: =SUMIFS(Proformas!$D:$D,Proformas!$A:$A,"M",Proformas!$B:$B,'Cta Resultados'!T2) -> 0 | U9: =SUMIFS(Proformas!$D:$D,Proformas!$A:$A,"M",Proformas!$B:$B,'Cta Resultados'!U2) -> 0 | V9: =SUMIFS(Proformas!$D:$D,Proformas!$A:$A,"M",Proformas!$B:$B,'Cta Resultados'!V2) -> 0 | W9: =SUMIFS(Proformas!$D:$D,Proformas!$A:$A,"M",Proformas!$B:$B,'Cta Resultados'!W2) -> 0 | X9: =SUMIFS(Proformas!$D:$D,Proformas!$A:$A,"M",Proformas!$B:$B,'Cta Resultados'!X2) -> 0 | ... AB9: =SUMIFS(Proformas!$D:$D,Proformas!$A:$A,"M",Proformas!$B:$B,'Cta Resultados'!AB2) -> 0 | AC9: =SUM(Q9:AB9) -> 47459.909 | AE9: MERIDA | AR9: =SUM(AF9:AQ9) -> 0 | AS9: Rellenar
A10: ALMENDRALEJO | B10: 11686.29 | C10: 4312.93 | D10: 11468.71 | E10: 23019.95 | F10: 7666.79 | G10: 5900 | H10: 24112.81 | I10: 1550 | J10: 6635 | K10: 4850 | L10: 3282.65 | M10: 14070.72 | N10: 118555.85 | P10: ALMENDRALEJO | Q10: =Q5+Q8 -> 3994.63 | R10: =R5+R8 -> 26385.17 | S10: =S5+S8 -> 26959.96 | T10: =T5+T8 -> 0 | U10: =U5+U8 -> 0 | V10: =V5+V8 -> 0 | W10: =W5+W8 -> 0 | X10: =X5+X8 -> 0 | ... AC10: =AC5+AC8 -> 57339.76 | AE10: ALMENDRALEJO | AF10: =AF5+AF8 -> 0 | AG10: =AG5+AG8 -> 0 | AH10: =AH5+AH8 -> 0 | AI10: =AI5+AI8 -> 0 | AJ10: =AJ5+AJ8 -> 0 | AK10: =AK5+AK8 -> 0 | AL10: =AL5+AL8 -> 0 | AM10: =AM5+AM8 -> 0 | ... AR10: =AR5+AR8 -> 0
A11: MERIDA | B11: 20892.88 | C11: 24876.46 | D11: 36221.58 | E11: 24444.12 | F11: 25263.15 | G11: 18344.12 | H11: 18434.74 | I11: 11424.86 | J11: 15505.6 | K11: 13853.25 | L11: 24695.45 | M11: 23191.9 | N11: 257148.11 | P11: MERIDA | Q11: =Q6+Q9 -> 55182.863 | R11: =R6+R9 -> 20716.577 | S11: =S6+S9 -> 22870.689 | T11: =T6+T9 -> 0 | U11: =U6+U9 -> 0 | V11: =V6+V9 -> 0 | W11: =W6+W9 -> 0 | X11: =X6+X9 -> 0 | ... AC11: =AC6+AC9 -> 98770.129 | AE11: MERIDA | AF11: =AF6+AF9 -> 0 | AG11: =AG6+AG9 -> 0 | AH11: =AH6+AH9 -> 0 | AI11: =AI6+AI9 -> 0 | AJ11: =AJ6+AJ9 -> 0 | AK11: =AK6+AK9 -> 0 | AL11: =AL6+AL9 -> 0 | AM11: =AM6+AM9 -> 0 | ... AR11: =AR6+AR9 -> 0
A13: Coste Personal | B13: 18627.76 | C13: 16645.587 | D13: 20332.28 | E13: 19107.696 | F13: 17948.393 | G13: 17746.546 | H13: 16617.503 | I13: 16960.105 | J13: 16050.833 | K13: 19552.045 | L13: 19458.739 | M13: 18613.262 | N13: 217660.75 | P13: Coste Personal | Q13: =Q14+Q17+Q20 -> 32097.25 | R13: =R14+R17+R20 -> 28102.32 | S13: =S14+S17+S20 -> 27894.9 | T13: =T14+T17+T20 -> 0 | U13: =U14+U17+U20 -> 0 | V13: =V14+V17+V20 -> 0 | W13: =W14+W17+W20 -> 0 | X13: =X14+X17+X20 -> 0 | ... AB13: =AB14+AB17+AB20 -> 0 | AC13: =SUM(Q13:AB13) -> 88094.47 | AE13: Coste Personal | AF13: =AF14+AF17+AF20 -> 0 | AG13: =AG14+AG17+AG20 -> 0 | AH13: =AH14+AH17+AH20 -> 0 | AI13: =AI14+AI17+AI20 -> 0 | AJ13: =AJ14+AJ17+AJ20 -> 0 | AK13: =AK14+AK17+AK20 -> 0 | AL13: =AL14+AL17+AL20 -> 0 | AM13: =AM14+AM17+AM20 -> 0 | ... AQ13: =AQ14+AQ17+AQ20 -> 0 | AR13: =SUM(AF13:AQ13) -> 0
A14: Altas | B14: 4996.26 | C14: 4769.1 | D14: 4884.56 | E14: 5104.23 | F14: 5182.28 | G14: 5160.81 | H14: 5182.28 | I14: 5063.14 | J14: 4444.09 | K14: 4752.2 | L14: 5511.66 | M14: 6298.47 | N14: 61349.08 | P14: Altas | Q14: =SUMIFS('Gastos personal'!$S$2:$S$3000,'Gastos personal'!$R$2:$R$3000,'Cta Resultados'!Q2) -> 5949.69 | R14: =SUMIFS('Gastos personal'!$S$2:$S$3000,'Gastos personal'!$R$2:$R$3000,'Cta Resultados'!R2) -> 6575.24 | S14: =SUMIFS('Gastos personal'!$S$2:$S$3000,'Gastos personal'!$R$2:$R$3000,'Cta Resultados'!S2) -> 6575.24 | T14: =SUMIFS('Gastos personal'!$S$2:$S$3000,'Gastos personal'!$R$2:$R$3000,'Cta Resultados'!T2) -> 0 | U14: =SUMIFS('Gastos personal'!$S$2:$S$3000,'Gastos personal'!$R$2:$R$3000,'Cta Resultados'!U2) -> 0 | V14: =SUMIFS('Gastos personal'!$S$2:$S$3000,'Gastos personal'!$R$2:$R$3000,'Cta Resultados'!V2) -> 0 | W14: =SUMIFS('Gastos personal'!$S$2:$S$3000,'Gastos personal'!$R$2:$R$3000,'Cta Resultados'!W2) -> 0 | X14: =SUMIFS('Gastos personal'!$S$2:$S$3000,'Gastos personal'!$R$2:$R$3000,'Cta Resultados'!X2) -> 0 | ... AB14: =SUMIFS('Gastos personal'!$S$2:$S$3000,'Gastos personal'!$R$2:$R$3000,'Cta Resultados'!AB2) -> 0 | AC14: =SUM(Q14:AB14) -> 19100.17 | AE14: Altas | AF14: =SUM(AF16+AF15) -> 0 | AG14: =SUM(AG16+AG15) -> 0 | AH14: =SUM(AH16+AH15) -> 0 | AI14: =SUM(AI16+AI15) -> 0 | AJ14: =SUM(AJ16+AJ15) -> 0 | AK14: =SUM(AK16+AK15) -> 0 | AL14: =SUM(AL16+AL15) -> 0 | AM14: =SUM(AM16+AM15) -> 0 | ... AQ14: =SUM(AQ16+AQ15) -> 0 | AR14: =SUM(AF14:AQ14) -> 0
A15: ALMENDRALEJO | B15: 1272.43 | C15: 746.18 | D15: 1857.45 | E15: 1674.49 | F15: 1752.54 | G15: 1731.07 | H15: 1752.54 | I15: 1695.34 | J15: 1076.29 | K15: 927.62 | L15: 1686.78 | M15: 2473.59 | N15: 18646.32 | P15: ALMENDRALEJO | Q15: =SUMIFS('Gastos personal'!$S:$S,'Gastos personal'!$R:$R,'Cta Resultados'!Q2,'Gastos personal'!$B:$B,"AL") -> 1690.21 | R15: =SUMIFS('Gastos personal'!$S:$S,'Gastos personal'!$R:$R,'Cta Resultados'!R2,'Gastos personal'!$B:$B,"AL") -> 1405.16 | S15: =SUMIFS('Gastos personal'!$S:$S,'Gastos personal'!$R:$R,'Cta Resultados'!S2,'Gastos personal'!$B:$B,"AL") -> 1405.16 | T15: =SUMIFS('Gastos personal'!$S:$S,'Gastos personal'!$R:$R,'Cta Resultados'!T2,'Gastos personal'!$B:$B,"AL") -> 0 | U15: =SUMIFS('Gastos personal'!$S:$S,'Gastos personal'!$R:$R,'Cta Resultados'!U2,'Gastos personal'!$B:$B,"AL") -> 0 | V15: =SUMIFS('Gastos personal'!$S:$S,'Gastos personal'!$R:$R,'Cta Resultados'!V2,'Gastos personal'!$B:$B,"AL") -> 0 | W15: =SUMIFS('Gastos personal'!$S:$S,'Gastos personal'!$R:$R,'Cta Resultados'!W2,'Gastos personal'!$B:$B,"AL") -> 0 | X15: =SUMIFS('Gastos personal'!$S:$S,'Gastos personal'!$R:$R,'Cta Resultados'!X2,'Gastos personal'!$B:$B,"AL") -> 0 | ... AB15: =SUMIFS('Gastos personal'!$S:$S,'Gastos personal'!$R:$R,'Cta Resultados'!AB2,'Gastos personal'!$B:$B,"AL") -> 0 | AC15: =SUM(Q15:AB15) -> 4500.53 | AE15: ALMENDRALEJO | AR15: =SUM(AF15:AQ15) -> 0 | AS15: Rellenar
A16: MERIDA | B16: 3723.83 | C16: 4022.92 | D16: 3027.11 | E16: 3429.74 | F16: 3429.74 | G16: 3429.74 | H16: 3429.74 | I16: 3367.8 | J16: 3367.8 | K16: 3824.58 | L16: 3824.88 | M16: 3824.88 | N16: 42702.76 | P16: MERIDA | Q16: =SUMIFS('Gastos personal'!$S:$S,'Gastos personal'!$R:$R,'Cta Resultados'!Q2,'Gastos personal'!$B:$B,"ME") -> 4259.48 | R16: =SUMIFS('Gastos personal'!$S:$S,'Gastos personal'!$R:$R,'Cta Resultados'!R2,'Gastos personal'!$B:$B,"ME") -> 5170.08 | S16: =SUMIFS('Gastos personal'!$S:$S,'Gastos personal'!$R:$R,'Cta Resultados'!S2,'Gastos personal'!$B:$B,"ME") -> 5170.08 | T16: =SUMIFS('Gastos personal'!$S:$S,'Gastos personal'!$R:$R,'Cta Resultados'!T2,'Gastos personal'!$B:$B,"ME") -> 0 | U16: =SUMIFS('Gastos personal'!$S:$S,'Gastos personal'!$R:$R,'Cta Resultados'!U2,'Gastos personal'!$B:$B,"ME") -> 0 | V16: =SUMIFS('Gastos personal'!$S:$S,'Gastos personal'!$R:$R,'Cta Resultados'!V2,'Gastos personal'!$B:$B,"ME") -> 0 | W16: =SUMIFS('Gastos personal'!$S:$S,'Gastos personal'!$R:$R,'Cta Resultados'!W2,'Gastos personal'!$B:$B,"ME") -> 0 | X16: =SUMIFS('Gastos personal'!$S:$S,'Gastos personal'!$R:$R,'Cta Resultados'!X2,'Gastos personal'!$B:$B,"ME") -> 0 | ... AB16: =SUMIFS('Gastos personal'!$S:$S,'Gastos personal'!$R:$R,'Cta Resultados'!AB2,'Gastos personal'!$B:$B,"ME") -> 0 | AC16: =SUM(Q16:AB16) -> 14599.64 | AE16: MERIDA | AR16: =SUM(AF16:AQ16) -> 0 | AS16: Rellenar
A17: Letrados | B17: 6831.5 | C17: 5076.487 | D17: 8647.72 | E17: 7203.466 | F17: 5966.113 | G17: 5785.736 | H17: 4635.223 | I17: 5096.965 | J17: 4806.743 | K17: 7999.845 | L17: 7147.0788 | M17: 5514.792 | N17: 74711.669 | P17: Letrados | Q17: =Letrados!C7 -> 15347.56 | R17: =Letrados!D7 -> 10727.08 | S17: =Letrados!E7 -> 10519.66 | T17: =Letrados!F7 -> 0 | U17: =Letrados!G7 -> 0 | V17: =Letrados!H7 -> 0 | W17: =Letrados!I7 -> 0 | X17: =Letrados!J7 -> 0 | ... AB17: =Letrados!N7 -> 0 | AC17: =SUM(Q17:AB17) -> 36594.3 | AE17: Letrados | AF17: =SUM(AF19+AF18) -> 0 | AG17: =SUM(AG19+AG18) -> 0 | AH17: =SUM(AH19+AH18) -> 0 | AI17: =SUM(AI19+AI18) -> 0 | AJ17: =SUM(AJ19+AJ18) -> 0 | AK17: =SUM(AK19+AK18) -> 0 | AL17: =SUM(AL19+AL18) -> 0 | AM17: =SUM(AM19+AM18) -> 0 | ... AQ17: =SUM(AQ19+AQ18) -> 0 | AR17: =SUM(AF17:AQ17) -> 0
A18: ALMENDRALEJO | B18: 2741.5 | C18: 530.8 | D18: 2146.51 | E18: 115 | F18: 457 | G18: 1100 | H18: 1051.2 | I18: 200 | J18: 1872.76 | K18: 650.5 | L18: 3640.65 | M18: 1962.35 | N18: 16468.27 | P18: ALMENDRALEJO | Q18: =Letrados!C2 -> 8184.3 | R18: =Letrados!D2 -> 1319.66 | S18: =Letrados!E2 -> 2218.54 | T18: =Letrados!F2 -> 0 | U18: =Letrados!G2 -> 0 | V18: =Letrados!H2 -> 0 | W18: =Letrados!I2 -> 0 | X18: =Letrados!J2 -> 0 | ... AB18: =Letrados!N2 -> 0 | AC18: =SUM(Q18:AB18) -> 11722.5 | AE18: ALMENDRALEJO | AR18: =SUM(AF18:AQ18) -> 0 | AS18: Rellenar
A19: MERIDA | B19: 4090 | C19: 4545.687 | D19: 6501.21 | E19: 7088.466 | F19: 5509.113 | G19: 4685.736 | H19: 3584.023 | I19: 4896.965 | J19: 2933.983 | K19: 7349.345 | L19: 3506.4288 | M19: 3552.442 | N19: 58243.399 | P19: MERIDA | Q19: =Letrados!C3+Letrados!C4+Letrados!C5 -> 7163.26 | R19: =Letrados!D3+Letrados!D4+Letrados!D5 -> 9407.42 | S19: =Letrados!E3+Letrados!E4+Letrados!E5 -> 8301.12 | T19: =Letrados!F3+Letrados!F4+Letrados!F5 -> 0 | U19: =Letrados!G3+Letrados!G4+Letrados!G5 -> 0 | V19: =Letrados!H3+Letrados!H4+Letrados!H5 -> 0 | W19: =Letrados!I3+Letrados!I4+Letrados!I5 -> 0 | X19: =Letrados!J3+Letrados!J4+Letrados!J5 -> 0 | ... AB19: =Letrados!N3+Letrados!N4+Letrados!N5 -> 0 | AC19: =SUM(Q19:AB19) -> 24871.8 | AE19: MERIDA | AR19: =SUM(AF19:AQ19) -> 0 | AS19: Rellenar
A20: Socios | B20: 6800 | C20: 6800 | D20: 6800 | E20: 6800 | F20: 6800 | G20: 6800 | H20: 6800 | I20: 6800 | J20: 6800 | K20: 6800 | L20: 6800 | M20: 6800 | N20: 81600 | P20: Socios | Q20: =Q21+Q22 -> 10800 | R20: =R21+R22 -> 10800 | S20: =S21+S22 -> 10800 | T20: =T21+T22 -> 0 | U20: =U21+U22 -> 0 | V20: =V21+V22 -> 0 | W20: =W21+W22 -> 0 | X20: =X21+X22 -> 0 | ... AB20: =AB21+AB22 -> 0 | AC20: =SUM(Q20:AB20) -> 32400 | AE20: Socios | AF20: =SUM(AF22+AF21) -> 0 | AG20: =SUM(AG22+AG21) -> 0 | AH20: =SUM(AH22+AH21) -> 0 | AI20: =SUM(AI22+AI21) -> 0 | AJ20: =SUM(AJ22+AJ21) -> 0 | AK20: =SUM(AK22+AK21) -> 0 | AL20: =SUM(AL22+AL21) -> 0 | AM20: =SUM(AM22+AM21) -> 0 | ... AQ20: =SUM(AQ22+AQ21) -> 0 | AR20: =SUM(AF20:AQ20) -> 0
A21: ALMENDRALEJO | B21: 3400 | C21: 3400 | D21: 3400 | E21: 3400 | F21: 3400 | G21: 3400 | H21: 3400 | I21: 3400 | J21: 3400 | K21: 3400 | L21: 3400 | M21: 3400 | N21: 40800 | P21: ALMENDRALEJO | Q21: =Socios!C2 -> 5400 | R21: =Socios!$C3 -> 5400 | S21: =Socios!$C4 -> 5400 | T21: =Socios!$C5 -> 0 | U21: =Socios!$C6 -> 0 | V21: =Socios!$C7 -> 0 | W21: =Socios!$C8 -> 0 | X21: =Socios!$C9 -> 0 | Y21: =Socios!$C10 -> 0 | Z21: =Socios!$C11 -> 0 | AA21: =Socios!$C12 -> 0 | AB21: =Socios!$C13 -> 0 | AC21: =SUM(Q21:AB21) -> 16200 | AE21: ALMENDRALEJO | AR21: =SUM(AF21:AQ21) -> 0 | AS21: Rellenar
A22: MERIDA | B22: 3400 | C22: 3400 | D22: 3400 | E22: 3400 | F22: 3400 | G22: 3400 | H22: 3400 | I22: 3400 | J22: 3400 | K22: 3400 | L22: 3400 | M22: 3400 | N22: 40800 | P22: MERIDA | Q22: =Socios!B2 -> 5400 | R22: =Socios!$B3 -> 5400 | S22: =Socios!$B4 -> 5400 | T22: =Socios!$B5 -> 0 | U22: =Socios!$B6 -> 0 | V22: =Socios!$B7 -> 0 | W22: =Socios!$B8 -> 0 | X22: =Socios!$B9 -> 0 | Y22: =Socios!$B10 -> 0 | Z22: =Socios!$B11 -> 0 | AA22: =Socios!$B12 -> 0 | AB22: =Socios!$B13 -> 0 | AC22: =SUM(Q22:AB22) -> 16200 | AE22: MERIDA | AR22: =SUM(AF22:AQ22) -> 0 | AS22: Rellenar
A23: ALMENDRALEJO | B23: 7413.93 | C23: 4676.98 | D23: 7403.96 | E23: 5189.49 | F23: 5609.54 | G23: 6231.07 | H23: 6203.74 | I23: 5295.34 | J23: 6349.05 | K23: 4978.12 | L23: 8727.43 | M23: 7835.94 | N23: 75914.59 | P23: ALMENDRALEJO | Q23: =Q15+Q18+Q21 -> 15274.51 | R23: =R15+R18+R21 -> 8124.82 | S23: =S15+S18+S21 -> 9023.7 | T23: =T15+T18+T21 -> 0 | U23: =U15+U18+U21 -> 0 | V23: =V15+V18+V21 -> 0 | W23: =W15+W18+W21 -> 0 | X23: =X15+X18+X21 -> 0 | ... AC23: =AC15+AC18+AC21 -> 32423.03 | AE23: ALMENDRALEJO | AF23: =AF15+AF18+AF21 -> 0 | AG23: =AG15+AG18+AG21 -> 0 | AH23: =AH15+AH18+AH21 -> 0 | AI23: =AI15+AI18+AI21 -> 0 | AJ23: =AJ15+AJ18+AJ21 -> 0 | AK23: =AK15+AK18+AK21 -> 0 | AL23: =AL15+AL18+AL21 -> 0 | AM23: =AM15+AM18+AM21 -> 0 | ... AR23: =AR15+AR18+AR21 -> 0
A24: MERIDA | B24: 11213.83 | C24: 11968.607 | D24: 12928.32 | E24: 13918.206 | F24: 12338.853 | G24: 11515.476 | H24: 10413.763 | I24: 11664.765 | J24: 9701.783 | K24: 14573.925 | L24: 10731.309 | M24: 10777.322 | N24: 141746.16 | P24: MERIDA | Q24: =Q16+Q19+Q22 -> 16822.74 | R24: =R16+R19+R22 -> 19977.5 | S24: =S16+S19+S22 -> 18871.2 | T24: =T16+T19+T22 -> 0 | U24: =U16+U19+U22 -> 0 | V24: =V16+V19+V22 -> 0 | W24: =W16+W19+W22 -> 0 | X24: =X16+X19+X22 -> 0 | ... AC24: =AC16+AC19+AC22 -> 55671.44 | AE24: MERIDA | AF24: =AF16+AF19+AF22 -> 0 | AG24: =AG16+AG19+AG22 -> 0 | AH24: =AH16+AH19+AH22 -> 0 | AI24: =AI16+AI19+AI22 -> 0 | AJ24: =AJ16+AJ19+AJ22 -> 0 | AK24: =AK16+AK19+AK22 -> 0 | AL24: =AL16+AL19+AL22 -> 0 | AM24: =AM16+AM19+AM22 -> 0 | ... AR24: =AR16+AR19+AR22 -> 0
A25: Ratio Personal | B25: 0.57176902 | C25: 0.57026156 | D25: 0.42634004 | E25: 0.4025718 | F25: 0.54504785 | G25: 0.73199382 | H25: 0.3905631 | I25: 1.3071513 | J25: 0.72495023 | K25: 1.0453822 | L25: 0.69549894 | M25: 0.49951565 | N25: 0.57934111 | P25: Ratio Personal | Q25: =Q13/Q3 -> 0.54238948 | R25: =R13/R3 -> 0.5966301 | S25: =S13/S3 -> 0.55979403 | T25: =T13/T3 -> #DIV/0! | U25: =U13/U3 -> #DIV/0! | V25: =V13/V3 -> #DIV/0! | W25: =W13/W3 -> #DIV/0! | X25: =X13/X3 -> #DIV/0! | ... AC25: =AC13/AC3 -> 0.56431063 | AE25: Ratio Personal | AF25: =AF13/AF3 -> 0 | AG25: =AG13/AG3 -> 0 | AH25: =AH13/AH3 -> 0 | AI25: =AI13/AI3 -> 0 | AJ25: =AJ13/AJ3 -> 0 | AK25: =AK13/AK3 -> 0 | AL25: =AL13/AL3 -> 0 | AM25: =AM13/AM3 -> 0 | ... AR25: =AR13/AR3 -> 0
A27: Gastos Indirectos | B27: 13917.15 | C27: 12469.94 | D27: 14488.31 | E27: 12825.18 | F27: 16289.15 | G27: 17815.895 | H27: 10963.97 | I27: 8568.69 | J27: 9324.74 | K27: 10132.45 | L27: 14386.08 | M27: 22539.125 | N27: 163720.68 | P27: Gastos Indirectos | Q27: =SUM(Q30:Q38) -> 11911.11 | R27: =SUM(R30:R38) -> 9916.03 | S27: =SUM(S30:S38) -> 10782.74 | T27: =SUM(T30:T38) -> 0 | U27: =SUM(U30:U38) -> 0 | V27: =SUM(V30:V38) -> 0 | W27: =SUM(W30:W38) -> 0 | X27: =SUM(X30:X38) -> 0 | ... AB27: =SUM(AB30:AB38) -> 0 | AC27: =SUM(Q27:AB27) -> 32609.88 | AE27: Gastos Indirectos | AF27: =SUM(AF30:AF37) -> 0 | AG27: =SUM(AG30:AG37) -> 0 | AH27: =SUM(AH30:AH37) -> 0 | AI27: =SUM(AI30:AI37) -> 0 | AJ27: =SUM(AJ30:AJ37) -> 0 | AK27: =SUM(AK30:AK37) -> 0 | AL27: =SUM(AL30:AL37) -> 0 | AM27: =SUM(AM30:AM37) -> 0 | ... AQ27: =SUM(AQ30:AQ37) -> 0 | AR27: =SUM(AF27:AQ27) -> 0
A28: ALMENDRALEJO | B28: 3855.175 | C28: 3221.505 | D28: 5548.35 | E28: 3327.84 | F28: 3816.64 | G28: 5383.51 | H28: 3071.955 | I28: 3431.285 | J28: 3100.165 | K28: 3543.6 | L28: 3249.76 | M28: 9127.2 | N28: 50676.985 | P28: ALMENDRALEJO | Q28: =SUMIFS(Gastos!$D:$D,Gastos!$A:$A,"AL",Gastos!$B:$B,'Cta Resultados'!Q2)+(SUMIFS(Gastos!$D:$D,Gastos!$A:$A,"CO",Gastos!$B:$B,'Cta Resultados'!Q2)/2)+(SUMIFS(Gastos!$D:$D,Gastos!$A:$A,"SE",Gastos!$B:$B,'Cta Resultados'!Q2)/2)-(Q50/2) -> 2988.81 | R28: =SUMIFS(Gastos!$D:$D,Gastos!$A:$A,"AL",Gastos!$B:$B,'Cta Resultados'!R2)+(SUMIFS(Gastos!$D:$D,Gastos!$A:$A,"CO",Gastos!$B:$B,'Cta Resultados'!R2)/2)+(SUMIFS(Gastos!$D:$D,Gastos!$A:$A,"SE",Gastos!$B:$B,'Cta Resultados'!R2)/2)-(R50/2) -> 4425.23 | S28: =SUMIFS(Gastos!$D:$D,Gastos!$A:$A,"AL",Gastos!$B:$B,'Cta Resultados'!S2)+(SUMIFS(Gastos!$D:$D,Gastos!$A:$A,"CO",Gastos!$B:$B,'Cta Resultados'!S2)/2)+(SUMIFS(Gastos!$D:$D,Gastos!$A:$A,"SE",Gastos!$B:$B,'Cta Resultados'!S2)/2)-(S50/2) -> 4860.91 | T28: =SUMIFS(Gastos!$D:$D,Gastos!$A:$A,"AL",Gastos!$B:$B,'Cta Resultados'!T2)+(SUMIFS(Gastos!$D:$D,Gastos!$A:$A,"CO",Gastos!$B:$B,'Cta Resultados'!T2)/2)+(SUMIFS(Gastos!$D:$D,Gastos!$A:$A,"SE",Gastos!$B:$B,'Cta Resultados'!T2)/2)-(T50/2) -> 0 | U28: =SUMIFS(Gastos!$D:$D,Gastos!$A:$A,"AL",Gastos!$B:$B,'Cta Resultados'!U2)+(SUMIFS(Gastos!$D:$D,Gastos!$A:$A,"CO",Gastos!$B:$B,'Cta Resultados'!U2)/2)+(SUMIFS(Gastos!$D:$D,Gastos!$A:$A,"SE",Gastos!$B:$B,'Cta Resultados'!U2)/2)-(U50/2) -> 0 | V28: =SUMIFS(Gastos!$D:$D,Gastos!$A:$A,"AL",Gastos!$B:$B,'Cta Resultados'!V2)+(SUMIFS(Gastos!$D:$D,Gastos!$A:$A,"CO",Gastos!$B:$B,'Cta Resultados'!V2)/2)+(SUMIFS(Gastos!$D:$D,Gastos!$A:$A,"SE",Gastos!$B:$B,'Cta Resultados'!V2)/2)-(V50/2) -> 0 | W28: =SUMIFS(Gastos!$D:$D,Gastos!$A:$A,"AL",Gastos!$B:$B,'Cta Resultados'!W2)+(SUMIFS(Gastos!$D:$D,Gastos!$A:$A,"CO",Gastos!$B:$B,'Cta Resultados'!W2)/2)+(SUMIFS(Gastos!$D:$D,Gastos!$A:$A,"SE",Gastos!$B:$B,'Cta Resultados'!W2)/2)-(W50/2) -> 0 | X28: =SUMIFS(Gastos!$D:$D,Gastos!$A:$A,"AL",Gastos!$B:$B,'Cta Resultados'!X2)+(SUMIFS(Gastos!$D:$D,Gastos!$A:$A,"CO",Gastos!$B:$B,'Cta Resultados'!X2)/2)+(SUMIFS(Gastos!$D:$D,Gastos!$A:$A,"SE",Gastos!$B:$B,'Cta Resultados'!X2)/2)-(X50/2) -> 0 | ... AB28: =SUMIFS(Gastos!$D:$D,Gastos!$A:$A,"AL",Gastos!$B:$B,'Cta Resultados'!AB2)+(SUMIFS(Gastos!$D:$D,Gastos!$A:$A,"CO",Gastos!$B:$B,'Cta Resultados'!AB2)/2)+(SUMIFS(Gastos!$D:$D,Gastos!$A:$A,"SE",Gastos!$B:$B,'Cta Resultados'!AB2)/2)-(AB50/2) -> 0 | AC28: =SUM(Q28:AB28) -> 12274.95 | AE28: ALMENDRALEJO | AR28: =SUM(AF28:AQ28) -> 0
A29: MERIDA | B29: 10061.975 | C29: 9248.435 | D29: 8939.96 | E29: 9497.34 | F29: 12472.51 | G29: 12432.385 | H29: 7892.015 | I29: 5137.405 | J29: 6224.575 | K29: 6588.85 | L29: 11136.32 | M29: 13411.925 | N29: 113043.7 | P29: MERIDA | Q29: =SUMIFS(Gastos!$D:$D,Gastos!$A:$A,"ME",Gastos!$B:$B,'Cta Resultados'!Q2)+(SUMIFS(Gastos!$D:$D,Gastos!$A:$A,"CO",Gastos!$B:$B,'Cta Resultados'!Q2)/2)+(SUMIFS(Gastos!$D:$D,Gastos!$A:$A,"SE",Gastos!$B:$B,'Cta Resultados'!Q2)/2)-(Q50/2) -> 8922.3 | R29: =SUMIFS(Gastos!$D:$D,Gastos!$A:$A,"ME",Gastos!$B:$B,'Cta Resultados'!R2)+(SUMIFS(Gastos!$D:$D,Gastos!$A:$A,"CO",Gastos!$B:$B,'Cta Resultados'!R2)/2)+(SUMIFS(Gastos!$D:$D,Gastos!$A:$A,"SE",Gastos!$B:$B,'Cta Resultados'!R2)/2)-(R50/2) -> 5490.8 | S29: =SUMIFS(Gastos!$D:$D,Gastos!$A:$A,"ME",Gastos!$B:$B,'Cta Resultados'!S2)+(SUMIFS(Gastos!$D:$D,Gastos!$A:$A,"CO",Gastos!$B:$B,'Cta Resultados'!S2)/2)+(SUMIFS(Gastos!$D:$D,Gastos!$A:$A,"SE",Gastos!$B:$B,'Cta Resultados'!S2)/2)-(S50/2) -> 5921.83 | T29: =SUMIFS(Gastos!$D:$D,Gastos!$A:$A,"ME",Gastos!$B:$B,'Cta Resultados'!T2)+(SUMIFS(Gastos!$D:$D,Gastos!$A:$A,"CO",Gastos!$B:$B,'Cta Resultados'!T2)/2)+(SUMIFS(Gastos!$D:$D,Gastos!$A:$A,"SE",Gastos!$B:$B,'Cta Resultados'!T2)/2)-(T50/2) -> 0 | U29: =SUMIFS(Gastos!$D:$D,Gastos!$A:$A,"ME",Gastos!$B:$B,'Cta Resultados'!U2)+(SUMIFS(Gastos!$D:$D,Gastos!$A:$A,"CO",Gastos!$B:$B,'Cta Resultados'!U2)/2)+(SUMIFS(Gastos!$D:$D,Gastos!$A:$A,"SE",Gastos!$B:$B,'Cta Resultados'!U2)/2)-(U50/2) -> 0 | V29: =SUMIFS(Gastos!$D:$D,Gastos!$A:$A,"ME",Gastos!$B:$B,'Cta Resultados'!V2)+(SUMIFS(Gastos!$D:$D,Gastos!$A:$A,"CO",Gastos!$B:$B,'Cta Resultados'!V2)/2)+(SUMIFS(Gastos!$D:$D,Gastos!$A:$A,"SE",Gastos!$B:$B,'Cta Resultados'!V2)/2)-(V50/2) -> 0 | W29: =SUMIFS(Gastos!$D:$D,Gastos!$A:$A,"ME",Gastos!$B:$B,'Cta Resultados'!W2)+(SUMIFS(Gastos!$D:$D,Gastos!$A:$A,"CO",Gastos!$B:$B,'Cta Resultados'!W2)/2)+(SUMIFS(Gastos!$D:$D,Gastos!$A:$A,"SE",Gastos!$B:$B,'Cta Resultados'!W2)/2)-(W50/2) -> 0 | X29: =SUMIFS(Gastos!$D:$D,Gastos!$A:$A,"ME",Gastos!$B:$B,'Cta Resultados'!X2)+(SUMIFS(Gastos!$D:$D,Gastos!$A:$A,"CO",Gastos!$B:$B,'Cta Resultados'!X2)/2)+(SUMIFS(Gastos!$D:$D,Gastos!$A:$A,"SE",Gastos!$B:$B,'Cta Resultados'!X2)/2)-(X50/2) -> 0 | ... AB29: =SUMIFS(Gastos!$D:$D,Gastos!$A:$A,"ME",Gastos!$B:$B,'Cta Resultados'!AB2)+(SUMIFS(Gastos!$D:$D,Gastos!$A:$A,"CO",Gastos!$B:$B,'Cta Resultados'!AB2)/2)+(SUMIFS(Gastos!$D:$D,Gastos!$A:$A,"SE",Gastos!$B:$B,'Cta Resultados'!AB2)/2)-(AB50/2) -> 0 | AC29: =SUM(Q29:AB29) -> 20334.93 | AE29: MERIDA | AR29: =SUM(AF29:AQ29) -> 0
A30: Alquiler | B30: 4000 | C30: 4000 | D30: 4000 | E30: 4000 | F30: 4000 | G30: 4000 | H30: 4000 | I30: 4000 | J30: 4000 | K30: 4000 | L30: 4000 | M30: 4000 | N30: 48000 | P30: Arrendamiento | Q30: =SUMIFS(Gastos!$D$2:$D$10000,Gastos!$B$2:$B$10000,'Cta Resultados'!Q2,Gastos!$H$2:$H$10000,'Cta Resultados'!$P$30) -> 410.41 | R30: =SUMIFS(Gastos!$D$2:$D$10000,Gastos!$B$2:$B$10000,'Cta Resultados'!R2,Gastos!$H$2:$H$10000,'Cta Resultados'!$P$30) -> 410.41 | S30: =SUMIFS(Gastos!$D$2:$D$10000,Gastos!$B$2:$B$10000,'Cta Resultados'!S2,Gastos!$H$2:$H$10000,'Cta Resultados'!$P$30) -> 410.41 | T30: =SUMIFS(Gastos!$D$2:$D$10000,Gastos!$B$2:$B$10000,'Cta Resultados'!T2,Gastos!$H$2:$H$10000,'Cta Resultados'!$P$30) -> 0 | U30: =SUMIFS(Gastos!$D$2:$D$10000,Gastos!$B$2:$B$10000,'Cta Resultados'!U2,Gastos!$H$2:$H$10000,'Cta Resultados'!$P$30) -> 0 | V30: =SUMIFS(Gastos!$D$2:$D$10000,Gastos!$B$2:$B$10000,'Cta Resultados'!V2,Gastos!$H$2:$H$10000,'Cta Resultados'!$P$30) -> 0 | W30: =SUMIFS(Gastos!$D$2:$D$10000,Gastos!$B$2:$B$10000,'Cta Resultados'!W2,Gastos!$H$2:$H$10000,'Cta Resultados'!$P$30) -> 0 | X30: =SUMIFS(Gastos!$D$2:$D$10000,Gastos!$B$2:$B$10000,'Cta Resultados'!X2,Gastos!$H$2:$H$10000,'Cta Resultados'!$P$30) -> 0 | ... AB30: =SUMIFS(Gastos!$D$2:$D$10000,Gastos!$B$2:$B$10000,'Cta Resultados'!AB2,Gastos!$H$2:$H$10000,'Cta Resultados'!$P$30) -> 0 | AC30: =SUM(Q30:AB30) -> 1231.23 | AE30: Alquiler | AR30: =SUM(AF30:AQ30) -> 0
A31: Suministro | B31: 1968.92 | C31: 1859.77 | D31: 2493.38 | E31: 1949.32 | F31: 2433 | G31: 1892.61 | H31: 1899.07 | I31: 1429.04 | J31: 1543.53 | K31: 2614.8 | L31: 1686.12 | M31: 2829.27 | N31: 24598.83 | P31: Suministro | Q31: =SUMIFS(Gastos!$D$2:$D$10000,Gastos!$B$2:$B$10000,'Cta Resultados'!Q2,Gastos!$H$2:$H$10000,'Cta Resultados'!$P$31) -> 2173.58 | R31: =SUMIFS(Gastos!$D$2:$D$10000,Gastos!$B$2:$B$10000,'Cta Resultados'!R2,Gastos!$H$2:$H$10000,'Cta Resultados'!$P$31) -> 1684.82 | S31: =SUMIFS(Gastos!$D$2:$D$10000,Gastos!$B$2:$B$10000,'Cta Resultados'!S2,Gastos!$H$2:$H$10000,'Cta Resultados'!$P$31) -> 4258.41 | T31: =SUMIFS(Gastos!$D$2:$D$10000,Gastos!$B$2:$B$10000,'Cta Resultados'!T2,Gastos!$H$2:$H$10000,'Cta Resultados'!$P$31) -> 0 | U31: =SUMIFS(Gastos!$D$2:$D$10000,Gastos!$B$2:$B$10000,'Cta Resultados'!U2,Gastos!$H$2:$H$10000,'Cta Resultados'!$P$31) -> 0 | V31: =SUMIFS(Gastos!$D$2:$D$10000,Gastos!$B$2:$B$10000,'Cta Resultados'!V2,Gastos!$H$2:$H$10000,'Cta Resultados'!$P$31) -> 0 | W31: =SUMIFS(Gastos!$D$2:$D$10000,Gastos!$B$2:$B$10000,'Cta Resultados'!W2,Gastos!$H$2:$H$10000,'Cta Resultados'!$P$31) -> 0 | X31: =SUMIFS(Gastos!$D$2:$D$10000,Gastos!$B$2:$B$10000,'Cta Resultados'!X2,Gastos!$H$2:$H$10000,'Cta Resultados'!$P$31) -> 0 | ... AB31: =SUMIFS(Gastos!$D$2:$D$10000,Gastos!$B$2:$B$10000,'Cta Resultados'!AB2,Gastos!$H$2:$H$10000,'Cta Resultados'!$P$31) -> 0 | AC31: =SUM(Q31:AB31) -> 8116.81 | AE31: Suministro | AR31: =SUM(AF31:AQ31) -> 0
A32: Servicios Profesionales | B32: 2639.14 | C32: 1732.32 | D32: 1146.34 | E32: 1741.79 | F32: 3528.26 | G32: 1422.07 | H32: 1746.47 | I32: 2648.5 | J32: 949.31 | K32: 1668.59 | L32: 2297.17 | M32: 3733.18 | N32: 25253.14 | P32: Servicios Profesionales | Q32: =SUMIFS(Gastos!$D$2:$D$10000,Gastos!$B$2:$B$10000,'Cta Resultados'!Q2,Gastos!$H$2:$H$10000,'Cta Resultados'!$P$32) -> 2397.57 | R32: =SUMIFS(Gastos!$D$2:$D$10000,Gastos!$B$2:$B$10000,'Cta Resultados'!R2,Gastos!$H$2:$H$10000,'Cta Resultados'!$P$32) -> 643.17 | S32: =SUMIFS(Gastos!$D$2:$D$10000,Gastos!$B$2:$B$10000,'Cta Resultados'!S2,Gastos!$H$2:$H$10000,'Cta Resultados'!$P$32) -> 1788.21 | T32: =SUMIFS(Gastos!$D$2:$D$10000,Gastos!$B$2:$B$10000,'Cta Resultados'!T2,Gastos!$H$2:$H$10000,'Cta Resultados'!$P$32) -> 0 | U32: =SUMIFS(Gastos!$D$2:$D$10000,Gastos!$B$2:$B$10000,'Cta Resultados'!U2,Gastos!$H$2:$H$10000,'Cta Resultados'!$P$32) -> 0 | V32: =SUMIFS(Gastos!$D$2:$D$10000,Gastos!$B$2:$B$10000,'Cta Resultados'!V2,Gastos!$H$2:$H$10000,'Cta Resultados'!$P$32) -> 0 | W32: =SUMIFS(Gastos!$D$2:$D$10000,Gastos!$B$2:$B$10000,'Cta Resultados'!W2,Gastos!$H$2:$H$10000,'Cta Resultados'!$P$32) -> 0 | X32: =SUMIFS(Gastos!$D$2:$D$10000,Gastos!$B$2:$B$10000,'Cta Resultados'!X2,Gastos!$H$2:$H$10000,'Cta Resultados'!$P$32) -> 0 | ... AB32: =SUMIFS(Gastos!$D$2:$D$10000,Gastos!$B$2:$B$10000,'Cta Resultados'!AB2,Gastos!$H$2:$H$10000,'Cta Resultados'!$P$32) -> 0 | AC32: =SUM(Q32:AB32) -> 4828.95 | AE32: Servicios Profesionales | AR32: =SUM(AF32:AQ32) -> 0
A33: Mantenimiento | B33: 2006.35 | C33: 1922.84 | D33: 2255.79 | E33: 332.56 | F33: 3214.22 | G33: 4581.105 | H33: 2126.43 | I33: 211.15 | J33: 2031.9 | K33: 525.06 | L33: 3699.24 | M33: 4418.035 | N33: 27324.68 | P33: Mantenimiento | Q33: =SUMIFS(Gastos!$D$2:$D$10000,Gastos!$B$2:$B$10000,'Cta Resultados'!Q2,Gastos!$H$2:$H$10000,'Cta Resultados'!$P$33) -> 915.14 | R33: =SUMIFS(Gastos!$D$2:$D$10000,Gastos!$B$2:$B$10000,'Cta Resultados'!R2,Gastos!$H$2:$H$10000,'Cta Resultados'!$P$33) -> 924.67 | S33: =SUMIFS(Gastos!$D$2:$D$10000,Gastos!$B$2:$B$10000,'Cta Resultados'!S2,Gastos!$H$2:$H$10000,'Cta Resultados'!$P$33) -> 828.76 | T33: =SUMIFS(Gastos!$D$2:$D$10000,Gastos!$B$2:$B$10000,'Cta Resultados'!T2,Gastos!$H$2:$H$10000,'Cta Resultados'!$P$33) -> 0 | U33: =SUMIFS(Gastos!$D$2:$D$10000,Gastos!$B$2:$B$10000,'Cta Resultados'!U2,Gastos!$H$2:$H$10000,'Cta Resultados'!$P$33) -> 0 | V33: =SUMIFS(Gastos!$D$2:$D$10000,Gastos!$B$2:$B$10000,'Cta Resultados'!V2,Gastos!$H$2:$H$10000,'Cta Resultados'!$P$33) -> 0 | W33: =SUMIFS(Gastos!$D$2:$D$10000,Gastos!$B$2:$B$10000,'Cta Resultados'!W2,Gastos!$H$2:$H$10000,'Cta Resultados'!$P$33) -> 0 | X33: =SUMIFS(Gastos!$D$2:$D$10000,Gastos!$B$2:$B$10000,'Cta Resultados'!X2,Gastos!$H$2:$H$10000,'Cta Resultados'!$P$33) -> 0 | ... AB33: =SUMIFS(Gastos!$D$2:$D$10000,Gastos!$B$2:$B$10000,'Cta Resultados'!AB2,Gastos!$H$2:$H$10000,'Cta Resultados'!$P$33) -> 0 | AC33: =SUM(Q33:AB33) -> 2668.57 | AE33: Mantenimiento | AR33: =SUM(AF33:AQ33) -> 0
A34: Colaborador Jurídico | B34: 2180 | C34: 2476.14 | D34: 3373.17 | E34: 1546.15 | F34: 1680.89 | G34: 0 | H34: 648 | I34: 0 | J34: 100 | K34: 0 | L34: 0 | M34: 706.26 | N34: 12710.61 | P34: Colaborador Jurídico | Q34: =SUMIFS(Gastos!$D$2:$D$10000,Gastos!$B$2:$B$10000,'Cta Resultados'!Q2,Gastos!$H$2:$H$10000,'Cta Resultados'!$P$34) -> 340.34 | R34: =SUMIFS(Gastos!$D$2:$D$10000,Gastos!$B$2:$B$10000,'Cta Resultados'!R2,Gastos!$H$2:$H$10000,'Cta Resultados'!$P$34) -> 4997.38 | S34: =SUMIFS(Gastos!$D$2:$D$10000,Gastos!$B$2:$B$10000,'Cta Resultados'!S2,Gastos!$H$2:$H$10000,'Cta Resultados'!$P$34) -> 0 | T34: =SUMIFS(Gastos!$D$2:$D$10000,Gastos!$B$2:$B$10000,'Cta Resultados'!T2,Gastos!$H$2:$H$10000,'Cta Resultados'!$P$34) -> 0 | U34: =SUMIFS(Gastos!$D$2:$D$10000,Gastos!$B$2:$B$10000,'Cta Resultados'!U2,Gastos!$H$2:$H$10000,'Cta Resultados'!$P$34) -> 0 | V34: =SUMIFS(Gastos!$D$2:$D$10000,Gastos!$B$2:$B$10000,'Cta Resultados'!V2,Gastos!$H$2:$H$10000,'Cta Resultados'!$P$34) -> 0 | W34: =SUMIFS(Gastos!$D$2:$D$10000,Gastos!$B$2:$B$10000,'Cta Resultados'!W2,Gastos!$H$2:$H$10000,'Cta Resultados'!$P$34) -> 0 | X34: =SUMIFS(Gastos!$D$2:$D$10000,Gastos!$B$2:$B$10000,'Cta Resultados'!X2,Gastos!$H$2:$H$10000,'Cta Resultados'!$P$34) -> 0 | ... AB34: =SUMIFS(Gastos!$D$2:$D$10000,Gastos!$B$2:$B$10000,'Cta Resultados'!AB2,Gastos!$H$2:$H$10000,'Cta Resultados'!$P$34) -> 0 | AC34: =SUM(Q34:AB34) -> 5337.72 | AE34: Colaborador Jurídico | AR34: =SUM(AF34:AQ34) -> 0
A35: Publicidad, RRSS, WEB | B35: 700 | C35: 200 | D35: 100 | E35: 1040 | F35: 945 | G35: 100 | H35: 100 | I35: 100 | J35: 700 | K35: 100 | L35: 760 | M35: 2489.77 | N35: 7334.77 | P35: Publicidad, RRSS, WEB | Q35: =SUMIFS(Gastos!$D$2:$D$10000,Gastos!$B$2:$B$10000,'Cta Resultados'!Q2,Gastos!$H$2:$H$10000,'Cta Resultados'!$P$35) -> 304 | R35: =SUMIFS(Gastos!$D$2:$D$10000,Gastos!$B$2:$B$10000,'Cta Resultados'!R2,Gastos!$H$2:$H$10000,'Cta Resultados'!$P$35) -> 204 | S35: =SUMIFS(Gastos!$D$2:$D$10000,Gastos!$B$2:$B$10000,'Cta Resultados'!S2,Gastos!$H$2:$H$10000,'Cta Resultados'!$P$35) -> 704 | T35: =SUMIFS(Gastos!$D$2:$D$10000,Gastos!$B$2:$B$10000,'Cta Resultados'!T2,Gastos!$H$2:$H$10000,'Cta Resultados'!$P$35) -> 0 | U35: =SUMIFS(Gastos!$D$2:$D$10000,Gastos!$B$2:$B$10000,'Cta Resultados'!U2,Gastos!$H$2:$H$10000,'Cta Resultados'!$P$35) -> 0 | V35: =SUMIFS(Gastos!$D$2:$D$10000,Gastos!$B$2:$B$10000,'Cta Resultados'!V2,Gastos!$H$2:$H$10000,'Cta Resultados'!$P$35) -> 0 | W35: =SUMIFS(Gastos!$D$2:$D$10000,Gastos!$B$2:$B$10000,'Cta Resultados'!W2,Gastos!$H$2:$H$10000,'Cta Resultados'!$P$35) -> 0 | X35: =SUMIFS(Gastos!$D$2:$D$10000,Gastos!$B$2:$B$10000,'Cta Resultados'!X2,Gastos!$H$2:$H$10000,'Cta Resultados'!$P$35) -> 0 | ... AB35: =SUMIFS(Gastos!$D$2:$D$10000,Gastos!$B$2:$B$10000,'Cta Resultados'!AB2,Gastos!$H$2:$H$10000,'Cta Resultados'!$P$35) -> 0 | AC35: =SUM(Q35:AB35) -> 1212 | AE35: Publicidad, RRSS, WEB | AR35: =SUM(AF35:AQ35) -> 0
A36: Colaboradores Comerciales | B36: 422.74 | C36: 0 | D36: 236.46 | E36: 2215.36 | F36: 0 | G36: 5820.11 | H36: 444 | I36: 180 | J36: 0 | K36: 1224 | L36: 1185.5 | M36: 4362.61 | N36: 16090.78 | P36: Colaboradores Comerciales | Q36: =SUMIFS(Gastos!$D$2:$D$10000,Gastos!$B$2:$B$10000,'Cta Resultados'!$Q$2,Gastos!$H$2:$H$10000,'Cta Resultados'!P36) -> 4526.9 | R36: =SUMIFS(Gastos!$D$2:$D$10000,Gastos!$B$2:$B$10000,'Cta Resultados'!R2,Gastos!$H$2:$H$10000,'Cta Resultados'!$P$36) -> 863.18 | S36: =SUMIFS(Gastos!$D$2:$D$10000,Gastos!$B$2:$B$10000,'Cta Resultados'!S2,Gastos!$H$2:$H$10000,'Cta Resultados'!$P$36) -> 1378 | T36: =SUMIFS(Gastos!$D$2:$D$10000,Gastos!$B$2:$B$10000,'Cta Resultados'!T2,Gastos!$H$2:$H$10000,'Cta Resultados'!$P$36) -> 0 | U36: =SUMIFS(Gastos!$D$2:$D$10000,Gastos!$B$2:$B$10000,'Cta Resultados'!U2,Gastos!$H$2:$H$10000,'Cta Resultados'!$P$36) -> 0 | V36: =SUMIFS(Gastos!$D$2:$D$10000,Gastos!$B$2:$B$10000,'Cta Resultados'!V2,Gastos!$H$2:$H$10000,'Cta Resultados'!$P$36) -> 0 | W36: =SUMIFS(Gastos!$D$2:$D$10000,Gastos!$B$2:$B$10000,'Cta Resultados'!W2,Gastos!$H$2:$H$10000,'Cta Resultados'!$P$36) -> 0 | X36: =SUMIFS(Gastos!$D$2:$D$10000,Gastos!$B$2:$B$10000,'Cta Resultados'!X2,Gastos!$H$2:$H$10000,'Cta Resultados'!$P$36) -> 0 | Y36: =SUMIFS(Gastos!$D$2:$D$10000,Gastos!$B$2:$B$10000,'Cta Resultados'!Y2,Gastos!$H$2:$H$10000,'Cta Resultados'!$P$36) -> 0 | ... AB36: =SUMIFS(Gastos!$D$2:$D$10000,Gastos!$B$2:$B$10000,'Cta Resultados'!AB2,Gastos!$H$2:$H$10000,'Cta Resultados'!$P$36) -> 0 | AC36: =SUM(Q36:AB36) -> 6768.08 | AE36: Colaboradores Comerciales | AR36: =SUM(AF36:AQ36) -> 0
A37: Seguros | B37: 0 | C37: 278.87 | D37: 883.17 | E37: 0 | F37: 487.78 | G37: 0 | H37: 0 | I37: 0 | J37: 0 | K37: 0 | L37: 758.05 | M37: 0 | N37: 2407.87 | P37: Seguros | Q37: =SUMIFS(Gastos!$D$2:$D$10000,Gastos!$B$2:$B$10000,'Cta Resultados'!Q2,Gastos!$H$2:$H$10000,'Cta Resultados'!$P$37) -> 0 | R37: =SUMIFS(Gastos!$D$2:$D$10000,Gastos!$B$2:$B$10000,'Cta Resultados'!R2,Gastos!$H$2:$H$10000,'Cta Resultados'!$P$37) -> 0 | S37: =SUMIFS(Gastos!$D$2:$D$10000,Gastos!$B$2:$B$10000,'Cta Resultados'!S2,Gastos!$H$2:$H$10000,'Cta Resultados'!$P$37) -> 0 | T37: =SUMIFS(Gastos!$D$2:$D$10000,Gastos!$B$2:$B$10000,'Cta Resultados'!T2,Gastos!$H$2:$H$10000,'Cta Resultados'!$P$37) -> 0 | U37: =SUMIFS(Gastos!$D$2:$D$10000,Gastos!$B$2:$B$10000,'Cta Resultados'!U2,Gastos!$H$2:$H$10000,'Cta Resultados'!$P$37) -> 0 | V37: =SUMIFS(Gastos!$D$2:$D$10000,Gastos!$B$2:$B$10000,'Cta Resultados'!V2,Gastos!$H$2:$H$10000,'Cta Resultados'!$P$37) -> 0 | W37: =SUMIFS(Gastos!$D$2:$D$10000,Gastos!$B$2:$B$10000,'Cta Resultados'!W2,Gastos!$H$2:$H$10000,'Cta Resultados'!$P$37) -> 0 | X37: =SUMIFS(Gastos!$D$2:$D$10000,Gastos!$B$2:$B$10000,'Cta Resultados'!X2,Gastos!$H$2:$H$10000,'Cta Resultados'!$P$37) -> 0 | ... AB37: =SUMIFS(Gastos!$D$2:$D$10000,Gastos!$B$2:$B$10000,'Cta Resultados'!AB2,Gastos!$H$2:$H$10000,'Cta Resultados'!$P$37) -> 0 | AC37: =SUM(Q37:AB37) -> 0 | AE37: Seguros | AR37: =SUM(AF37:AQ37) -> 0
A38: Suplidos | P38: Suplido | Q38: =SUMIFS(Gastos!$D$2:$D$10000,Gastos!$B$2:$B$10000,'Cta Resultados'!Q2,Gastos!$H$2:$H$10000,'Cta Resultados'!$P$38) -> 843.17 | R38: =SUMIFS(Gastos!$D$2:$D$10000,Gastos!$B$2:$B$10000,'Cta Resultados'!R2,Gastos!$H$2:$H$10000,'Cta Resultados'!$P$38) -> 188.4 | S38: =SUMIFS(Gastos!$D$2:$D$10000,Gastos!$B$2:$B$10000,'Cta Resultados'!S2,Gastos!$H$2:$H$10000,'Cta Resultados'!$P$38) -> 1414.95 | T38: =SUMIFS(Gastos!$D$2:$D$10000,Gastos!$B$2:$B$10000,'Cta Resultados'!T2,Gastos!$H$2:$H$10000,'Cta Resultados'!$P$38) -> 0 | U38: =SUMIFS(Gastos!$D$2:$D$10000,Gastos!$B$2:$B$10000,'Cta Resultados'!U2,Gastos!$H$2:$H$10000,'Cta Resultados'!$P$38) -> 0 | V38: =SUMIFS(Gastos!$D$2:$D$10000,Gastos!$B$2:$B$10000,'Cta Resultados'!V2,Gastos!$H$2:$H$10000,'Cta Resultados'!$P$38) -> 0 | W38: =SUMIFS(Gastos!$D$2:$D$10000,Gastos!$B$2:$B$10000,'Cta Resultados'!W2,Gastos!$H$2:$H$10000,'Cta Resultados'!$P$38) -> 0 | X38: =SUMIFS(Gastos!$D$2:$D$10000,Gastos!$B$2:$B$10000,'Cta Resultados'!X2,Gastos!$H$2:$H$10000,'Cta Resultados'!$P$38) -> 0 | ... AB38: =SUMIFS(Gastos!$D$2:$D$10000,Gastos!$B$2:$B$10000,'Cta Resultados'!AB2,Gastos!$H$2:$H$10000,'Cta Resultados'!$P$38) -> 0 | AC38: =SUM(Q38:AB38) -> 2446.52 | AE38: Suplidos
A39: Ratio gastos Indirectos | B39: 0.42717939 | C39: 0.42720797 | D39: 0.3038 | E39: 0.27020818 | F39: 0.49466079 | G39: 0.73485427 | H39: 0.25768746 | I39: 0.66040713 | J39: 0.42116022 | K39: 0.54174809 | L39: 0.51419074 | M39: 0.60487226 | P39: Ratio gastos Indirectos | Q39: =Q27/Q3 -> 0.2012777 | R39: =R27/R3 -> 0.21052361 | S39: =S27/S3 -> 0.21638771 | T39: =T27/T3 -> #DIV/0! | U39: =U27/U3 -> #DIV/0! | V39: =V27/V3 -> #DIV/0! | W39: =W27/W3 -> #DIV/0! | X39: =X27/X3 -> #DIV/0! | ... AB39: =AB27/AB3 -> #DIV/0! | AE39: Ratio gastos Indirectos | AF39: =AF27/AF3 -> 0 | AG39: =AG27/AG3 -> 0 | AH39: =AH27/AH3 -> 0 | AI39: =AI27/AI3 -> 0 | AJ39: =AJ27/AJ3 -> 0 | AK39: =AK27/AK3 -> 0 | AL39: =AL27/AL3 -> 0 | AM39: =AM27/AM3 -> 0 | ... AQ39: =AQ27/AQ3 -> 0
A41: Total Gastos | B41: 32544.91 | C41: 29115.527 | D41: 34820.59 | E41: 31932.876 | F41: 34237.543 | G41: 35562.441 | H41: 27581.473 | I41: 25528.795 | J41: 25375.573 | K41: 29684.495 | L41: 33844.819 | M41: 41152.387 | N41: 381381.43 | P41: Total Gastos | Q41: =Q13+Q27 -> 44008.36 | R41: =R13+R27 -> 38018.35 | S41: =S13+S27 -> 38677.64 | T41: =T13+T27 -> 0 | U41: =U13+U27 -> 0 | V41: =V13+V27 -> 0 | W41: =W13+W27 -> 0 | X41: =X13+X27 -> 0 | ... AB41: =AB13+AB27 -> 0 | AC41: =SUM(Q41:AB41) -> 120704.35 | AE41: Total Gastos | AF41: =AF13+AF27 -> 0 | AG41: =AG13+AG27 -> 0 | AH41: =AH13+AH27 -> 0 | AI41: =AI13+AI27 -> 0 | AJ41: =AJ13+AJ27 -> 0 | AK41: =AK13+AK27 -> 0 | AL41: =AL13+AL27 -> 0 | AM41: =AM13+AM27 -> 0 | ... AQ41: =AQ13+AQ27 -> 0 | AR41: =SUM(AF41:AQ41) -> 0
A42: ALMENDRALEJO | B42: 11269.105 | C42: 7898.485 | D42: 12952.31 | E42: 8517.33 | F42: 9426.18 | G42: 11614.58 | H42: 9275.695 | I42: 8726.625 | J42: 9449.215 | K42: 8521.72 | L42: 11977.19 | M42: 16963.14 | N42: 126591.57 | P42: ALMENDRALEJO | Q42: =Q15+Q18+Q21+Q28 -> 18263.32 | R42: =R15+R18+R21+R28 -> 12550.05 | S42: =S15+S18+S21+S28 -> 13884.61 | T42: =T15+T18+T21+T28 -> 0 | U42: =U15+U18+U21+U28 -> 0 | V42: =V15+V18+V21+V28 -> 0 | W42: =W15+W18+W21+W28 -> 0 | X42: =X15+X18+X21+X28 -> 0 | ... AB42: =AB15+AB18+AB21+AB28 -> 0 | AC42: =SUM(Q42:AB42) -> 44697.98 | AE42: ALMENDRALEJO | AF42: =AF15+AF18+AF21+AF28 -> 0 | AG42: =AG15+AG18+AG21+AG28 -> 0 | AH42: =AH15+AH18+AH21+AH28 -> 0 | AI42: =AI15+AI18+AI21+AI28 -> 0 | AJ42: =AJ15+AJ18+AJ21+AJ28 -> 0 | AK42: =AK15+AK18+AK21+AK28 -> 0 | AL42: =AL15+AL18+AL21+AL28 -> 0 | AM42: =AM15+AM18+AM21+AM28 -> 0 | ... AQ42: =AQ15+AQ18+AQ21+AQ28 -> 0 | AR42: =SUM(AF42:AQ42) -> 0 | AS42: Rellenar
A43: MERIDA | B43: 21275.805 | C43: 21217.042 | D43: 21868.28 | E43: 23415.546 | F43: 24811.363 | G43: 23947.861 | H43: 18305.778 | I43: 16802.17 | J43: 15926.358 | K43: 21162.775 | L43: 21867.629 | M43: 24189.247 | N43: 254789.85 | P43: MERIDA | Q43: =Q16+Q19+Q22+Q29 -> 25745.04 | R43: =R16+R19+R22+R29 -> 25468.3 | S43: =S16+S19+S22+S29 -> 24793.03 | T43: =T16+T19+T22+T29 -> 0 | U43: =U16+U19+U22+U29 -> 0 | V43: =V16+V19+V22+V29 -> 0 | W43: =W16+W19+W22+W29 -> 0 | X43: =X16+X19+X22+X29 -> 0 | ... AB43: =AB16+AB19+AB22+AB29 -> 0 | AC43: =SUM(Q43:AB43) -> 76006.37 | AE43: MERIDA | AF43: =AF16+AF19+AF22+AF29 -> 0 | AG43: =AG16+AG19+AG22+AG29 -> 0 | AH43: =AH16+AH19+AH22+AH29 -> 0 | AI43: =AI16+AI19+AI22+AI29 -> 0 | AJ43: =AJ16+AJ19+AJ22+AJ29 -> 0 | AK43: =AK16+AK19+AK22+AK29 -> 0 | AL43: =AL16+AL19+AL22+AL29 -> 0 | AM43: =AM16+AM19+AM22+AM29 -> 0 | ... AQ43: =AQ16+AQ19+AQ22+AQ29 -> 0 | AR43: =SUM(AF43:AQ43) -> 0 | AS43: Rellenar
A44: Resultado Operativo | B44: 34.26 | C44: 73.863 | D44: 12869.7 | E44: 15531.194 | F44: -1307.603 | G44: -11318.321 | H44: 14966.077 | I44: -12553.935 | J44: -3234.973 | K44: -10981.245 | L44: -5866.7188 | M44: -3889.767 | N44: -5677.4688 | P44: Resultado Operativo | Q44: =Q3-Q13-Q27 -> 15169.133 | R44: =R3-R13-R27 -> 9083.3969 | S44: =S3-S13-S27 -> 11153.009 | T44: =T3-T13-T27 -> 0 | U44: =U3-U13-U27 -> 0 | V44: =V3-V13-V27 -> 0 | W44: =W3-W13-W27 -> 0 | X44: =X3-X13-X27 -> 0 | ... AB44: =AB3-AB13-AB27 -> 0 | AC44: =SUM(Q44:AB44) -> 35405.539 | AE44: Resultado Operativo | AR44: =SUM(AF44:AQ44) -> 0
B45: 0.0010515922 | C45: 0.0025304743 | D45: 0.26985997 | E45: 0.32722002 | F45: -0.039708636 | G45: -0.46684809 | H45: 0.35174944 | I45: -0.96755842 | J45: -0.14611045 | K45: -0.58713031 | L45: -0.20968968 | M45: -0.10438791 | Q45: =Q44/Q3 -> 0.25633281 | R45: =R44/R3 -> 0.19284629 | S45: =S44/S3 -> 0.22381826 | T45: =T44/T3 -> #DIV/0! | U45: =U44/U3 -> #DIV/0! | V45: =V44/V3 -> #DIV/0! | W45: =W44/W3 -> #DIV/0! | X45: =X44/X3 -> #DIV/0! | ... AB45: =AB44/AB3 -> #DIV/0! | AF45: =AF44/AF3 -> 0 | AG45: =AG44/AG3 -> 0 | AH45: =AH44/AH3 -> 0 | AI45: =AI44/AI3 -> 0 | AJ45: =AJ44/AJ3 -> 0 | AK45: =AK44/AK3 -> 0 | AL45: =AL44/AL3 -> 0 | AM45: =AM44/AM3 -> 0 | ... AQ45: =AQ44/AQ3 -> 0
A46: ALMENDRALEJO | B46: =B23+B28 -> 11269.105 | C46: =C23+C28 -> 7898.485 | D46: =D23+D28 -> 12952.31 | E46: =E23+E28 -> 8517.33 | F46: =F23+F28 -> 9426.18 | G46: =G23+G28 -> 11614.58 | H46: =H23+H28 -> 9275.695 | I46: =I23+I28 -> 8726.625 | ... M46: =M23+M28 -> 16963.14 | N46: =N38+N41+N44 -> 375703.96 | P46: ALMENDRALEJO | Q46: =Q23+Q28 -> 18263.32 | R46: =R23+R28 -> 12550.05 | S46: =S23+S28 -> 13884.61 | T46: =T23+T28 -> 0 | U46: =U23+U28 -> 0 | V46: =V23+V28 -> 0 | W46: =W23+W28 -> 0 | X46: =X23+X28 -> 0 | ... AB46: =AB23+AB28 -> 0 | AC46: =AC38+AC41+AC44 -> 158556.41 | AE46: ALMENDRALEJO | AF46: =AF23+AF28 -> 0 | AG46: =AG23+AG28 -> 0 | AH46: =AH23+AH28 -> 0 | AI46: =AI23+AI28 -> 0 | AJ46: =AJ23+AJ28 -> 0 | AK46: =AK23+AK28 -> 0 | AL46: =AL23+AL28 -> 0 | AM46: =AM23+AM28 -> 0 | ... AQ46: =AQ23+AQ28 -> 0 | AR46: =AR38+AR41+AR44 -> 0
A47: MERIDA | B47: =B24+B29 -> 21275.805 | C47: =C24+C29 -> 21217.042 | D47: =D24+D29 -> 21868.28 | E47: =E24+E29 -> 23415.546 | F47: =F24+F29 -> 24811.363 | G47: =G24+G29 -> 23947.861 | H47: =H24+H29 -> 18305.778 | I47: =I24+I29 -> 16802.17 | ... M47: =M24+M29 -> 24189.247 | N47: =N39+N42+N45 -> 126591.57 | P47: MERIDA | Q47: =Q24+Q29 -> 25745.04 | R47: =R24+R29 -> 25468.3 | S47: =S24+S29 -> 24793.03 | T47: =T24+T29 -> 0 | U47: =U24+U29 -> 0 | V47: =V24+V29 -> 0 | W47: =W24+W29 -> 0 | X47: =X24+X29 -> 0 | ... AB47: =AB24+AB29 -> 0 | AC47: =AC39+AC42+AC45 -> 44697.98 | AE47: MERIDA | AF47: =AF24+AF29 -> 0 | AG47: =AG24+AG29 -> 0 | AH47: =AH24+AH29 -> 0 | AI47: =AI24+AI29 -> 0 | AJ47: =AJ24+AJ29 -> 0 | AK47: =AK24+AK29 -> 0 | AL47: =AL24+AL29 -> 0 | AM47: =AM24+AM29 -> 0 | ... AQ47: =AQ24+AQ29 -> 0 | AR47: =AR39+AR42+AR45 -> 0
A49: Amortizaciones | N49: 0 | P49: Amortizaciones | AC49: =SUM(Q49:AB49) -> 0 | AE49: Amortizaciones | AR49: =SUM(AF49:AQ49) -> 0
A50: Gasto Extraor / Finan | B50: 1556.65 | C50: 1004.72 | D50: 1111.02 | E50: 1443.07 | F50: 1326.1 | G50: 1107.24 | H50: 1727.17 | I50: 978.18 | J50: 972.66 | K50: 1018.66 | L50: 955.66 | M50: 1846.39 | N50: 15047.52 | P50: Gasto Extraor / Finan | Q50: =SUMIFS(Gastos!$D:$D,Gastos!$B:$B,'Cta Resultados'!Q2,Gastos!$H:$H,"gastos financieros") -> 1178.12 | R50: =SUMIFS(Gastos!$D:$D,Gastos!$B:$B,'Cta Resultados'!R2,Gastos!$H:$H,"gastos financieros") -> 991.26 | S50: =SUMIFS(Gastos!$D:$D,Gastos!$B:$B,'Cta Resultados'!S2,Gastos!$H:$H,"gastos financieros") -> 1004.63 | T50: =SUMIFS(Gastos!$D:$D,Gastos!$B:$B,'Cta Resultados'!T2,Gastos!$H:$H,"gastos financieros") -> 0 | U50: =SUMIFS(Gastos!$D:$D,Gastos!$B:$B,'Cta Resultados'!U2,Gastos!$H:$H,"gastos financieros") -> 0 | V50: =SUMIFS(Gastos!$D:$D,Gastos!$B:$B,'Cta Resultados'!V2,Gastos!$H:$H,"gastos financieros") -> 0 | W50: =SUMIFS(Gastos!$D:$D,Gastos!$B:$B,'Cta Resultados'!W2,Gastos!$H:$H,"gastos financieros") -> 0 | X50: =SUMIFS(Gastos!$D:$D,Gastos!$B:$B,'Cta Resultados'!X2,Gastos!$H:$H,"gastos financieros") -> 0 | ... AB50: =SUMIFS(Gastos!$D:$D,Gastos!$B:$B,'Cta Resultados'!AB2,Gastos!$H:$H,"gastos financieros") -> 0 | AC50: =SUM(Q50:AB50) -> 3174.01 | AE50: Gasto Extraor / Finan | AR50: =SUM(AF50:AQ50) -> 0
A51: Resultado de Explotación | B51: -1522.39 | C51: -930.857 | D51: 11758.68 | E51: 14088.124 | F51: -2633.703 | G51: -12425.561 | H51: 13238.907 | I51: -13532.115 | J51: -4207.633 | K51: -11999.905 | L51: -6822.3788 | M51: -5736.157 | N51: -20724.989 | P51: Resultado de Explotación | Q51: =Q44-Q49-Q50 -> 13991.013 | R51: =R44-R49-R50 -> 8092.1369 | S51: =S44-S49-S50 -> 10148.379 | T51: =T44-T49-T50 -> 0 | U51: =U44-U49-U50 -> 0 | V51: =V44-V49-V50 -> 0 | W51: =W44-W49-W50 -> 0 | X51: =X44-X49-X50 -> 0 | ... AB51: =AB44-AB49-AB50 -> 0 | AC51: =SUM(Q51:AB51) -> 32231.529 | AE51: Resultado de Explotación | AF51: =AF44-AF49-AF50 -> 0 | AG51: =AG44-AG49-AG50 -> 0 | AH51: =AH44-AH49-AH50 -> 0 | AI51: =AI44-AI49-AI50 -> 0 | AJ51: =AJ44-AJ49-AJ50 -> 0 | AK51: =AK44-AK49-AK50 -> 0 | AL51: =AL44-AL49-AL50 -> 0 | AM51: =AM44-AM49-AM50 -> 0 | ... AQ51: =AQ44-AQ49-AQ50 -> 0 | AR51: =SUM(AF51:AQ51) -> 0
A53: Resultado Neto antes de I.S. | B53: -1522.39 | C53: -930.857 | D53: 11758.68 | E53: 14088.124 | F53: -2633.703 | G53: -12425.561 | H53: 13238.907 | I53: -13532.115 | J53: -4207.633 | K53: -11999.905 | L53: -6822.3788 | M53: -5736.157 | N53: -20724.989 | P53: Resultado Neto antes de I.S. | Q53: =Q51 -> 13991.013 | R53: =R51 -> 8092.1369 | S53: =S51 -> 10148.379 | T53: =T51 -> 0 | U53: =U51 -> 0 | V53: =V51 -> 0 | W53: =W51 -> 0 | X53: =X51 -> 0 | ... AB53: =AB51 -> 0 | AC53: =SUM(Q53:AB53) -> 32231.529 | AE53: Resultado Neto antes de I.S. | AF53: =AF51 -> 0 | AG53: =AG51 -> 0 | AH53: =AH51 -> 0 | AI53: =AI51 -> 0 | AJ53: =AJ51 -> 0 | AK53: =AK51 -> 0 | AL53: =AL51 -> 0 | AM53: =AM51 -> 0 | ... AQ53: =AQ51 -> 0 | AR53: =SUM(AF53:AQ53) -> 0
A54: ALMENDRALEJO | B54: 417.185 | C54: -3585.555 | D54: -1483.6 | E54: 14502.62 | F54: -1759.39 | G54: -5714.58 | H54: 14837.115 | I54: -7176.625 | J54: -2814.215 | K54: -3671.72 | L54: -8694.54 | M54: -2892.42 | N54: -8035.725 | P54: ALMENDRALEJO | Q54: =Q5+Q8-Q15-Q18-Q21-Q28 -> -14268.69 | R54: =R5+R8-R15-R18-R21-R28 -> 13835.12 | S54: =S5+S8-S15-S18-S21-S28 -> 13075.35 | T54: =T5+T8-T15-T18-T21-T28 -> 0 | U54: =U5+U8-U15-U18-U21-U28 -> 0 | V54: =V5+V8-V15-V18-V21-V28 -> 0 | W54: =W5+W8-W15-W18-W21-W28 -> 0 | X54: =X5+X8-X15-X18-X21-X28 -> 0 | ... AB54: =AB5+AB8-AB15-AB18-AB21-AB28 -> 0 | AC54: =SUM(Q54:AB54) -> 12641.78 | AE54: ALMENDRALEJO | AF54: =AF5+AF8-AF15-AF18-AF21-AF28 -> 0 | AG54: =AG5+AG8-AG15-AG18-AG21-AG28 -> 0 | AH54: =AH5+AH8-AH15-AH18-AH21-AH28 -> 0 | AI54: =AI5+AI8-AI15-AI18-AI21-AI28 -> 0 | AJ54: =AJ5+AJ8-AJ15-AJ18-AJ21-AJ28 -> 0 | AK54: =AK5+AK8-AK15-AK18-AK21-AK28 -> 0 | AL54: =AL5+AL8-AL15-AL18-AL21-AL28 -> 0 | AM54: =AM5+AM8-AM15-AM18-AM21-AM28 -> 0 | ... AQ54: =AQ5+AQ8-AQ15-AQ18-AQ21-AQ28 -> 0 | AR54: =SUM(AF54:AQ54) -> 0
A55: MERIDA | B55: -1939.575 | C55: 2654.698 | D55: 13242.28 | E55: -414.496 | F55: -874.313 | G55: -6710.981 | H55: -1598.208 | I55: -6355.49 | J55: -1393.418 | K55: -8328.185 | L55: 1872.1612 | M55: -2843.737 | N55: -12689.264 | P55: MERIDA | Q55: =Q6+Q9-Q16-Q19-Q22-Q29-Q50 -> 28259.703 | R55: =R6+R9-R16-R19-R22-R29-R50 -> -5742.9831 | S55: =S6+S9-S16-S19-S22-S29-S50 -> -2926.971 | T55: =T6+T9-T16-T19-T22-T29-T50 -> 0 | U55: =U6+U9-U16-U19-U22-U29-U50 -> 0 | V55: =V6+V9-V16-V19-V22-V29-V50 -> 0 | W55: =W6+W9-W16-W19-W22-W29-W50 -> 0 | X55: =X6+X9-X16-X19-X22-X29-X50 -> 0 | ... AB55: =AB6+AB9-AB16-AB19-AB22-AB29-AB50 -> 0 | AC55: =SUM(Q55:AB55) -> 19589.749 | AE55: MERIDA | AF55: =AF6+AF9-AF16-AF19-AF22-AF29-AF50 -> 0 | AG55: =AG6+AG9-AG16-AG19-AG22-AG29-AG50 -> 0 | AH55: =AH6+AH9-AH16-AH19-AH22-AH29-AH50 -> 0 | AI55: =AI6+AI9-AI16-AI19-AI22-AI29-AI50 -> 0 | AJ55: =AJ6+AJ9-AJ16-AJ19-AJ22-AJ29-AJ50 -> 0 | AK55: =AK6+AK9-AK16-AK19-AK22-AK29-AK50 -> 0 | AL55: =AL6+AL9-AL16-AL19-AL22-AL29-AL50 -> 0 | AM55: =AM6+AM9-AM16-AM19-AM22-AM29-AM50 -> 0 | ... AQ55: =AQ6+AQ9-AQ16-AQ19-AQ22-AQ29-AQ50 -> 0 | AR55: =SUM(AF55:AQ55) -> 0
B56: -0.046728938 | C56: -0.031890252 | D56: 0.2465634 | E56: 0.2968166 | F56: -0.07997898 | G56: -0.51251854 | H56: 0.31115557 | I56: -1.0429488 | J56: -0.19004151 | K56: -0.64159464 | L56: -0.24384711 | M56: -0.15393864 | N56: -0.055163083 | Q56: =Q53/Q3 -> 0.23642457 | R56: =R53/R3 -> 0.17180121 | S56: =S53/S3 -> 0.20365737 | T56: =T53/T3 -> #DIV/0! | U56: =U53/U3 -> #DIV/0! | V56: =V53/V3 -> #DIV/0! | W56: =W53/W3 -> #DIV/0! | X56: =X53/X3 -> #DIV/0! | ... AC56: =AC53/AC3 -> 0.20646693 | AF56: =AF53/AF3 -> 0 | AG56: =AG53/AG3 -> 0 | AH56: =AH53/AH3 -> 0 | AI56: =AI53/AI3 -> 0 | AJ56: =AJ53/AJ3 -> 0 | AK56: =AK53/AK3 -> 0 | AL56: =AL53/AL3 -> 0 | AM56: =AM53/AM3 -> 0 | ... AR56: =AR53/AR3 -> 0
P57: ALMENDRALEJO | Q57: =Q10-Q23-Q28 -> -14268.69 | R57: =R10-R23-R28 -> 13835.12 | S57: =S10-S23-S28 -> 13075.35 | T57: =T10-T23-T28 -> 0 | U57: =U10-U23-U28 -> 0 | V57: =V10-V23-V28 -> 0 | W57: =W10-W23-W28 -> 0 | X57: =X10-X23-X28 -> 0 | ... AB57: =AB10-AB23-AB28 -> 0 | AC57: =SUM(Q57:AB57) -> 12641.78
P58: MERIDA | Q58: =Q11-Q24-Q29 -> 29437.823 | R58: =R11-R24-R29 -> -4751.7231 | S58: =S11-S24-S29 -> -1922.341 | T58: =T11-T24-T29 -> 0 | U58: =U11-U24-U29 -> 0 | V58: =V11-V24-V29 -> 0 | W58: =W11-W24-W29 -> 0 | X58: =X11-X24-X29 -> 0 | ... AB58: =AB11-AB24-AB29 -> 0 | AC58: =SUM(Q58:AB58) -> 22763.759

Sheet Facturas
A1: Serie factura | B1: Fecha factura | C1: Nombre receptor | D1: Total base imponible | E1: Total IVA | F1: Total | G1: Estado cobro | H1: Oficina | I1: Fecha | K1: Suma de Total base imponible | L1: Etiquetas de columna
A2: A | B2: 08-01-2019 | D2: 300 | E2: 63 | F2: 363 | G2: Cobrado | H2: =IF(A2="A","A",IF(A2="AC","A",IF(A2="FA","A","M"))) -> A | I2: =TEXT(B2,"mmmmmmmmmmm") -> enero | K2: Etiquetas de fila | L2: enero | M2: febrero | N2: marzo
A3: A | B3: 26-02-2019 | D3: 250 | E3: 52.5 | F3: 407.14 | G3: Cobrado | H3: =IF(A3="A","A",IF(A3="AC","A",IF(A3="FA","A","M"))) -> A | I3: =TEXT(B3,"mmmmmmmmmmm") -> febrero | K3: A | L3: 4644.63 | M3: 26385.17 | N3: 19306.96
A4: A | B4: 12-03-2019 | D4: 10142.28 | E4: 2129.88 | F4: 12361.13 | G4: Cobrado | H4: =IF(A4="A","A",IF(A4="AC","A",IF(A4="FA","A","M"))) -> A | I4: =TEXT(B4,"mmmmmmmmmmm") -> marzo | K4: M | L4: 18240.64 | M4: 16642.61 | N4: 16426.97
A5: A | B5: 14-03-2019 | D5: 200 | E5: 42 | F5: 242 | G5: Cobrado | H5: =IF(A5="A","A",IF(A5="AC","A",IF(A5="FA","A","M"))) -> A | I5: =TEXT(B5,"mmmmmmmmmmm") -> marzo | K5: Total general | L5: 22885.27 | M5: 43027.78 | N5: 35733.93
A6: A | B6: 18-02-2019 | D6: 1500 | E6: 315 | F6: 1815 | G6: Cobrado | H6: =IF(A6="A","A",IF(A6="AC","A",IF(A6="FA","A","M"))) -> A | I6: =TEXT(B6,"mmmmmmmmmmm") -> febrero
A7: A | B7: 28-02-2019 | D7: 1809.6 | E7: 380.02 | F7: 2189.62 | G7: Cobrado | H7: =IF(A7="A","A",IF(A7="AC","A",IF(A7="FA","A","M"))) -> A | I7: =TEXT(B7,"mmmmmmmmmmm") -> febrero
A8: A | B8: 12-03-2019 | D8: 700 | E8: 147 | F8: 847 | G8: Cobrado | H8: =IF(A8="A","A",IF(A8="AC","A",IF(A8="FA","A","M"))) -> A | I8: =TEXT(B8,"mmmmmmmmmmm") -> marzo
A9: A | B9: 21-03-2019 | D9: 0 | E9: 0 | F9: 18.16 | G9: Cobrado | H9: =IF(A9="A","A",IF(A9="AC","A",IF(A9="FA","A","M"))) -> A | I9: =TEXT(B9,"mmmmmmmmmmm") -> marzo
A10: A | B10: 11-02-2019 | D10: 21125.57 | E10: 4436.37 | F10: 25561.94 | G10: Cobrado | H10: =IF(A10="A","A",IF(A10="AC","A",IF(A10="FA","A","M"))) -> A | I10: =TEXT(B10,"mmmmmmmmmmm") -> febrero
A11: A | B11: 04-03-2019 | D11: 2000 | E11: 420 | F11: 2420 | G11: Cobrado | H11: =IF(A11="A","A",IF(A11="AC","A",IF(A11="FA","A","M"))) -> A | I11: =TEXT(B11,"mmmmmmmmmmm") -> marzo
A12: A | B12: 13-03-2019 | D12: 300 | E12: 63 | F12: 363 | G12: Cobrado | H12: =IF(A12="A","A",IF(A12="AC","A",IF(A12="FA","A","M"))) -> A | I12: =TEXT(B12,"mmmmmmmmmmm") -> marzo
A13: M | B13: 14-02-2019 | D13: -100 | E13: -21 | F13: -121 | G13: Cobrado en Exceso | H13: =IF(A13="A","A",IF(A13="AC","A",IF(A13="FA","A","M"))) -> M | I13: =TEXT(B13,"mmmmmmmmmmm") -> febrero
A14: M | B14: 15-03-2019 | D14: -1500 | E14: -315 | F14: -1815 | G14: Cobrado | H14: =IF(A14="A","A",IF(A14="AC","A",IF(A14="FA","A","M"))) -> M | I14: =TEXT(B14,"mmmmmmmmmmm") -> marzo
A15: AC | B15: 21-03-2019 | D15: 225.6 | E15: 47.38 | F15: 272.98 | G15: Cobrado | H15: =IF(A15="A","A",IF(A15="AC","A",IF(A15="FA","A","M"))) -> A | I15: =TEXT(B15,"mmmmmmmmmmm") -> marzo
A16: AC | B16: 21-03-2019 | D16: 1834.74 | E16: 385.3 | F16: 2220.04 | G16: Cobrado | H16: =IF(A16="A","A",IF(A16="AC","A",IF(A16="FA","A","M"))) -> A | I16: =TEXT(B16,"mmmmmmmmmmm") -> marzo
A17: AC | B17: 27-03-2019 | D17: 1310.53 | E17: 275.21 | F17: 1585.74 | G17: Cobrado | H17: =IF(A17="A","A",IF(A17="AC","A",IF(A17="FA","A","M"))) -> A | I17: =TEXT(B17,"mmmmmmmmmmm") -> marzo
... A222: MC | B222: 14-02-2019 | D222: 561.39 | E222: 117.89 | F222: 679.28 | G222: Cobrado | H222: =IF(A222="A","A",IF(A222="AC","A",IF(A222="FA","A","M"))) -> M | I222: =TEXT(B222,"mmmmmmmmmmm") -> febrero
H223: =IF(A223="A","A",IF(A223="AC","A",IF(A223="FA","A","M"))) -> M | I223: =TEXT(B223,"mmmmmmmmmmm") -> enero
H224: =IF(A224="A","A",IF(A224="AC","A",IF(A224="FA","A","M"))) -> M | I224: =TEXT(B224,"mmmmmmmmmmm") -> enero
H225: =IF(A225="A","A",IF(A225="AC","A",IF(A225="FA","A","M"))) -> M | I225: =TEXT(B225,"mmmmmmmmmmm") -> enero
H226: =IF(A226="A","A",IF(A226="AC","A",IF(A226="FA","A","M"))) -> M | I226: =TEXT(B226,"mmmmmmmmmmm") -> enero
H227: =IF(A227="A","A",IF(A227="AC","A",IF(A227="FA","A","M"))) -> M | I227: =TEXT(B227,"mmmmmmmmmmm") -> enero
H228: =IF(A228="A","A",IF(A228="AC","A",IF(A228="FA","A","M"))) -> M | I228: =TEXT(B228,"mmmmmmmmmmm") -> enero
H229: =IF(A229="A","A",IF(A229="AC","A",IF(A229="FA","A","M"))) -> M | I229: =TEXT(B229,"mmmmmmmmmmm") -> enero
H230: =IF(A230="A","A",IF(A230="AC","A",IF(A230="FA","A","M"))) -> M | I230: =TEXT(B230,"mmmmmmmmmmm") -> enero
H231: =IF(A231="A","A",IF(A231="AC","A",IF(A231="FA","A","M"))) -> M | I231: =TEXT(B231,"mmmmmmmmmmm") -> enero
H232: =IF(A232="A","A",IF(A232="AC","A",IF(A232="FA","A","M"))) -> M | I232: =TEXT(B232,"mmmmmmmmmmm") -> enero
H233: =IF(A233="A","A",IF(A233="AC","A",IF(A233="FA","A","M"))) -> M | I233: =TEXT(B233,"mmmmmmmmmmm") -> enero
H234: =IF(A234="A","A",IF(A234="AC","A",IF(A234="FA","A","M"))) -> M | I234: =TEXT(B234,"mmmmmmmmmmm") -> enero
... H2000: =IF(A2000="A","A",IF(A2000="AC","A",IF(A2000="FA","A","M"))) -> M | I2000: =TEXT(B2000,"mmmmmmmmmmm") -> enero

Sheet Proformas
A1: Serie factura ( Facturas proforma ) | B1: Fecha cobro | C1: Cliente ( Clientes ) | D1: Base | E1: Total con IVA
A2: M | B2: Enero | D2: 300 | E2: 363
A3: M | B3: Enero | D3: 100 | E3: 121
A4: M | B4: Enero | D4: 300 | E4: 300
A5: A | B5: Enero | D5: 100 | E5: 100
A6: M | B6: Enero | D6: 1500 | E6: 1815
A7: M | B7: Enero | D7: =E7/1.21 -> 11526.851 | E7: 13947.49
A8: M | B8: Enero | D8: =E8/1.21 -> 3165.3719 | E8: 3830.1
A9: M | B9: Enero | D9: 50 | E9: 50
A10: A | B10: Enero | D10: =E10/1.21 -> 450 | E10: 544.5
A11: A | B11: Enero | D11: 300 | E11: 363
A12: M | B12: Enero | D12: 20000 | E12: =20000*1.21 -> 24200
A13: M | B13: Febrero | D13: 600 | E13: 600
A14: M | B14: Febrero | D14: 100 | E14: 121
A15: M | B15: Febrero | D15: =E15/1.21 -> 3123.9669 | E15: 3780
A16: M | B16: Febrero | D16: =E16/1.21 -> 200 | E16: 242
A17: M | B17: Febrero | D17: 50 | E17: 50
A18: M | B18: Marzo | D18: =E18/1.21 -> 1553.719 | E18: 1880
A19: A | B19: Marzo | D19: 500 | E19: 500
A20: M | B20: Marzo | D20: 200 | E20: 200
A21: A | B21: Marzo | D21: =E21/1.21 -> 250 | E21: 302.5
A22: M | B22: Marzo | D22: 400 | E22: 400
A23: M | B23: Marzo | D23: 100 | E23: 121
A24: M | B24: Marzo | D24: 100 | E24: 121
A25: M | B25: Marzo | D25: 500 | E25: 605
A26: A | B26: Marzo | D26: =E26/1.21 -> 180 | E26: 217.8
A27: A | B27: Marzo | D27: =E27/1.21 -> 1183 | E27: 1431.43
A28: A | B28: Marzo | D28: 200 | E28: 242
A29: A | B29: Marzo | D29: 180 | E29: 217.8
A30: A | B30: Marzo | D30: 180 | E30: 217.8
A31: A | B31: Marzo | D31: 180 | E31: 217.8
A32: M | B32: Marzo | D32: 500 | E32: 500
A33: M | B33: Marzo | D33: 150 | E33: 181.5
A34: M | B34: Marzo | D34: 150 | E34: 181.5
A35: M | B35: Marzo | D35: 2000 | E35: 2420
A36: M | B36: Marzo | D36: =145.2/1.21 -> 120 | E36: 145.2
A37: M | B37: Marzo | D37: 50 | E37: 50
A38: A | B38: Marzo | D38: 4500 | E38: 5445
A39: A | B39: Marzo | D39: 300 | E39: 363
A40: M | B40: Marzo | D40: 620 | E40: =1.21*620 -> 750.2
A41: A | B41: Enero | D41: -1500 | E41: =-1.21*1500 -> -1815

Sheet Gastos personal
C1: TRABAJADOR | D1: BRUTO | E1: DED. S.SOC | F1: IRPF | G1: LIQUIDO | H1: CSTE EMPRE | I1: PR. P. EXT | J1: RET. ESPEC | K1: BON APREND | L1: DTO ESPECI | M1: I.I. CTA | N1: ANTI/EMBAR | O1: BONIFICACI | P1: ILT | Q1: COMPL ILT | R1: Mes
A2: 000036 | B2: AL | D2: 749.04 | E2: -47.56 | G2: 701.48 | H2: 235.2 | O2: 238.78 | R2: Enero | S2: =D2+H2 -> 984.24
A3: 000036 | B3: AL | D3: 749.04 | E3: -47.56 | G3: 701.48 | H3: 235.2 | O3: 132.65 | R3: Febrero | S3: =D3+H3 -> 984.24
A4: 000036 | B4: AL | D4: 749.04 | E4: -47.56 | G4: 701.48 | H4: 235.2 | R4: Marzo | S4: =D4+H4 -> 984.24
A5: 000002 | B5: ME | D5: 1198.46 | E5: -76.11 | F5: -13.66 | G5: 1108.69 | H5: 376.31 | R5: Enero | S5: =D5+H5 -> 1574.77
A6: 000002 | B6: ME | D6: 1198.46 | E6: -76.11 | F6: -13.66 | G6: 1108.69 | H6: 376.31 | R6: Febrero | S6: =D6+H6 -> 1574.77
A7: 000002 | B7: ME | D7: 1198.46 | E7: -76.11 | F7: -13.66 | G7: 1108.69 | H7: 376.31 | R7: Marzo | S7: =D7+H7 -> 1574.77
A8: 000002 | B8: AL | D8: =306.36+210 -> 516.36 | E8: =-22.4-15.28 -> -37.68 | F8: -6.13 | G8: 300 | H8: =114.1+75.51 -> 189.61 | O8: 281.59 | R8: Enero | S8: =D8+H8 -> 705.97
A9: 000002 | B9: AL | D9: 320.35 | E9: -20.35 | G9: 300 | H9: 100.57 | R9: Febrero | S9: =D9+H9 -> 420.92
A10: 000002 | B10: AL | D10: 320.35 | E10: -20.35 | G10: 300 | H10: 100.57 | R10: Marzo | S10: =D10+H10 -> 420.92
A11: 000002 | B11: ME | D11: 1854.83 | E11: -117.78 | F11: -237.05 | G11: 1500 | H11: 582.42 | R11: Enero | S11: =D11+H11 -> 2437.25
A12: 000002 | B12: ME | D12: 1854.83 | E12: -117.78 | F12: -237.05 | G12: 1500 | H12: 582.42 | R12: Febrero | S12: =D12+H12 -> 2437.25
A13: 000002 | B13: ME | D13: 1854.83 | E13: -117.78 | F13: -237.05 | G13: 1500 | H13: 582.42 | R13: Marzo | S13: =D13+H13 -> 2437.25
A14: 000002 | B14: ME | D14: 88.66 | E14: -6.89 | F14: -1.77 | G14: 80 | H14: 35.07 | R14: Enero | S14: =D14+H14 -> 123.73
A15: 000002 | B15: ME | D15: 436.68 | E15: -27.95 | F15: -8.73 | G15: 400 | H15: 142.35 | R15: Febrero | S15: =D15+H15 -> 579.03
A16: 000002 | B16: ME | D16: 436.68 | E16: -27.95 | F16: -8.73 | G16: 400 | H16: 142.35 | R16: Marzo | S16: =D16+H16 -> 579.03
A17: 000001 | B17: ME | D17: 88.66 | E17: -6.89 | F17: -1.77 | G17: 400 | H17: 35.07 | R17: Enero | S17: =D17+H17 -> 123.73
A18: 000001 | B18: ME | D18: 436.68 | E18: -27.95 | F18: -8.73 | G18: 400 | H18: 142.35 | R18: Febrero | S18: =D18+H18 -> 579.03
A19: 000001 | B19: ME | D19: 436.68 | E19: -27.95 | F19: -8.73 | G19: 400 | H19: 142.35 | R19: Marzo | S19: =D19+H19 -> 579.03
A20: 000001 | S20: =D20+H20 -> 0
A21: 000001 | S21: =D21+H21 -> 0
A22: 000001 | S22: =D22+H22 -> 0
A23: 000001 | S23: =D23+H23 -> 0
A24: 000001 | S24: =D24+H24 -> 0
A25: 000001 | S25: =D25+H25 -> 0
A26: 000001 | S26: =D26+H26 -> 0
A27: 000001 | S27: =D27+H27 -> 0
A28: 000001 | S28: =D28+H28 -> 0
A29: 000023 | S29: =D29+H29 -> 0
A30: 000023 | S30: =D30+H30 -> 0
A31: 000023 | S31: =D31+H31 -> 0
... A40: 000044 | S40: =D40+H40 -> 0
A41: 000003 | S41: =D41+H41+I41 -> 0
A42: 000003 | S42: =D42+H42+I42 -> 0
A43: 000003 | S43: =D43+H43+I43 -> 0
A44: 000003 | S44: =D44+H44+I44 -> 0
A45: 000003 | S45: =D45+H45+I45 -> 0
A46: 000003 | S46: =D46+H46+I46 -> 0
A47: 000003 | S47: =D47+H47+I47 -> 0
A48: 000003 | S48: =D48+H48+I48 -> 0
A49: 000003 | S49: =D49+H49+I49 -> 0
A50: 000003 | S50: =D50+H50 -> 0
A51: 000003 | S51: =D51+H51 -> 0
A52: 000003 | S52: =D52+H52 -> 0

Sheet Letrados
B1: OFICINA | C1: ENERO | D1: FEBRERO | E1: MARZO | F1: ABRIL | G1: MAYO | H1: JUNIO | I1: JULIO | J1: AGOSTO | K1: SEPTIEMBRE | L1: OCTUBRE | M1: NOVIEMBRE | N1: DICIEMBRE | O1: TOTAL 2018
A2: Jesus | B2: AL | C2: 8184.3 | D2: 1319.66 | E2: 2218.54 | O2: 16468.27
A3: Guadalupe | B3: ME | C3: 3917.13 | D3: 2016.55 | E3: 2024.5 | O3: 15418.346
A4: Maria | B4: ME | C4: 2356.67 | D4: 255.66 | E4: 897.5 | O4: 24886.595
A5: Jose | B5: ME | C5: 889.46 | D5: 7135.21 | E5: 5379.12 | O5: =SUM(O2:O4) -> 56773.211
C7: =SUM(C2:C6) -> 15347.56 | D7: =SUM(D2:D6) -> 10727.08 | E7: =SUM(E2:E6) -> 10519.66
C9: ='Análisis Datos'!K7 -> Marzo | D9: Acumulado
A11: Jesus | B11: AL | C11: =VLOOKUP(A11,A2:N2,MATCH($C$9,$A$1:$N$1,0),0) -> 2218.54 | D11: =SUMPRODUCT(C2:N2,'Cta Resultados'!$Q$1:$AB$1) -> 11722.5
A12: Guadalupe | B12: ME | C12: =VLOOKUP(A12,A3:N3,MATCH($C$9,$A$1:$N$1,0),0) -> 2024.5 | D12: =SUMPRODUCT(C3:N3,'Cta Resultados'!$Q$1:$AB$1) -> 7958.18
A13: Maria | B13: ME | C13: =VLOOKUP(A13,A4:N4,MATCH($C$9,$A$1:$N$1,0),0) -> 897.5 | D13: =SUMPRODUCT(C4:N4,'Cta Resultados'!$Q$1:$AB$1) -> 3509.83
A14: Jose | B14: ME | C14: =VLOOKUP(A14,A5:N5,MATCH($C$9,$A$1:$N$1,0),0) -> 5379.12 | D14: =SUMPRODUCT(C5:N5,'Cta Resultados'!$Q$1:$AB$1) -> 13403.79

Sheet Socios
B1: Socio 1 | C1: Socio 2
A2: Enero | B2: =3400+2000 -> 5400 | C2: =3400+2000 -> 5400
A3: Febrero | B3: =3400+2000 -> 5400 | C3: =3400+2000 -> 5400
A4: Marzo | B4: =3400+2000 -> 5400 | C4: =3400+2000 -> 5400

Sheet Gastos
A1: Referencia factura proveedor | B1: Fecha factura | C1: Nombre ( Proveedores ) | D1: Base imponible | E1: Total IVA | F1: Total IRPF | G1: Total | H1: Grupo | I1: Subgrupo
A2: ME | B2: Enero | D2: 0.48 | E2: 0.1 | F2: 0 | G2: 0.58 | H2: Suministro | I2: Telefonía
A3: ME | B3: Enero | D3: 108.07 | E3: 22.69 | F3: 0 | G3: 130.76 | H3: Servicios Profesionales | I3: Servicios Profesionales
A4: ME | B4: Enero | D4: 14.38 | E4: 3.02 | F4: 0 | G4: 17.4 | H4: Suministro | I4: Telefonía
A5: CO | B5: Enero | D5: 57 | E5: 11.97 | F5: 0 | G5: 68.97 | H5: Servicios Profesionales | I5: Servicios Profesionales
A6: CO | B6: Enero | D6: 48 | E6: 10.08 | F6: 0 | G6: 58.08 | H6: Servicios Profesionales | I6: Servicios Profesionales
A7: CO | B7: Enero | D7: 100 | E7: 21 | F7: 0 | G7: 121 | H7: Publicidad, RRSS, WEB | I7: Publicidad, RRSS, WEB
A8: AL | B8: Enero | D8: 14.38 | E8: 3.02 | F8: 0 | G8: 17.4 | H8: Suministro | I8: Telefonía
A9: AL | B9: Enero | D9: 2.64 | E9: 0.55 | F9: 0 | G9: 3.19 | H9: Suministro | I9: Telefonía
A10: AL | B10: Enero | D10: 14.38 | E10: 3.02 | F10: 0 | G10: 17.4 | H10: Suministro | I10: Telefonía
A11: ME | B11: Enero | D11: 13.75 | E11: 2.89 | F11: 0 | G11: 16.64 | H11: Suministro | I11: Telefonía
A12: AL | B12: Enero | D12: 6.61 | E12: 1.39 | F12: 0 | G12: 8 | H12: Suministro | I12: Telefonía
A13: CO | B13: Enero | D13: 79.78 | E13: 16.75 | F13: 0 | G13: 96.53 | H13: Suministro | I13: Telefonía
... A107: ME | B107: Febrero | D107: 18.04 | E107: 3.79 | F107: 2.71 | G107: 19.12 | H107: Suplido | I107: Suplido
A108: ME | B108: Febrero | D108: 19.65 | E108: 4.13 | F108: 0 | G108: 23.78 | H108: Mantenimiento | I108: Agua | O108: pte devolver a Obiter
A109: CO | B109: Febrero | D109: 118.31 | E109: 24.85 | F109: 0 | G109: 143.16 | H109: Suplido | I109: Suplido
A110: ME | B110: Febrero | D110: 76.21 | E110: 16 | F110: 0 | G110: 92.21 | H110: Servicios Profesionales | I110: Servicios Profesionales
A111: CO | B111: Febrero | D111: 27.5 | E111: 5.78 | F111: 0 | G111: 33.28 | H111: Suplido | I111: Suplido
A112: AL | B112: Febrero | D112: 39.69 | E112: 8.33 | F112: 0 | G112: 48.02 | H112: Suministro | I112: Gasolina
A113: ME | B113: Febrero | D113: 187.57 | E113: 39.39 | F113: 0 | G113: 226.96 | H113: Mantenimiento | I113: Limpieza
A114: ME | B114: Febrero | D114: 48.81 | E114: 10.25 | F114: 0 | G114: 59.06 | H114: Suministro | I114: Gasolina
A115: ME | B115: Febrero | D115: 426.53 | E115: 89.57 | F115: 0 | G115: 516.1 | H115: Suministro | I115: Gasolina
A116: ME | B116: Febrero | D116: 15 | E116: 1.5 | F116: 0 | G116: 16.5 | H116: Servicios Profesionales | I116: Servicios Profesionales
A117: CO | B117: Febrero | D117: 31.26 | E117: 0 | F117: 0 | G117: 31.26 | H117: Gastos Financieros | I117: Caixa Geral
A118: ME | B118: Marzo | D118: 46.11 | E118: 9.68 | F118: 0 | G118: 55.79 | H118: Suministro | I118: Telefonía
A119: CO | B119: Marzo | D119: 78.24 | E119: 16.43 | F119: 0 | G119: 94.67 | H119: Suministro | I119: Telefonía
A120: AL | B120: Marzo | D120: 36 | E120: 0 | F120: 0 | G120: 36 | H120: Suplido | I120: Suplido
... A199: AL | B199: Marzo | D199: 32 | E199: 0 | F199: 0 | G199: 0 | H199: Publicidad, RRSS, WEB | I199: Publicidad, RRSS, WEB
A200: AL | B200: Enero | D200: =27*4 -> 108 | E200: 0 | F200: 0 | G200: 0 | H200: Publicidad, RRSS, WEB | I200: Publicidad, RRSS, WEB
A201: AL | B201: Febrero | D201: =27*4 -> 108 | E201: 0 | F201: 0 | G201: 0 | H201: Publicidad, RRSS, WEB | I201: Publicidad, RRSS, WEB
A202: AL | B202: Marzo | D202: =27*4 -> 108 | E202: 0 | F202: 0 | G202: 0 | H202: Publicidad, RRSS, WEB | I202: Publicidad, RRSS, WEB
A203: ME | B203: Marzo | D203: 900 | E203: 0 | F203: 0 | G203: 0 | H203: Colaboradores Comerciales | I203: Colaboradores Comerciales
A204: ME | B204: Marzo | D204: 163.89 | E204: 0 | F204: 0 | G204: 0 | H204: Suministro | I204: Despacho
A205: AL | B205: Enero | D205: =51.67+29.8+8+9+22+3+5.21+4.81+4.71 -> 138.2 | E205: 0 | F205: 0 | G205: 0 | H205: Mantenimiento | I205: Office
A206: AL | B206: Febrero | D206: =51.89+19.4+36.8+8.9+9+5.21+11.89+16.89 -> 159.98 | E206: 0 | F206: 0 | G206: 0 | H206: Mantenimiento | I206: Office
A207: AL | B207: Marzo | D207: =54.76+19+37.2+32.2+36+14.5+4.9+6.95+2.9+56+5+17 -> 286.41 | E207: 0 | F207: 0 | G207: 0 | H207: Mantenimiento | I207: Office
A208: AL | B208: Enero | D208: 176 | E208: 0 | F208: 0 | G208: 0 | H208: Mantenimiento | I208: Limpieza
A209: AL | B209: Febrero | D209: =120+264 -> 384 | E209: 0 | F209: 0 | G209: 0 | H209: Mantenimiento | I209: Limpieza
A210: AL | B210: Marzo | D210: 240 | E210: 0 | F210: 0 | G210: 0 | H210: Mantenimiento | I210: Limpieza
A211: AL | B211: Enero | D211: 123.42 | E211: 0 | F211: 0 | G211: 0 | H211: Mantenimiento | I211: Informático
A212: AL | B212: Marzo | D212: 1860 | E212: 0 | F212: 0 | G212: 0 | H212: Suministro | I212: Despacho
A213: AL | B213: Marzo | D213: 650 | E213: 0 | F213: 0 | G213: 0 | H213: Servicios Profesionales | I213: Servicios Profesionales
A214: ME | B214: Enero | D214: 38.04 | E214: 0 | F214: 0 | G214: 0 | H214: Mantenimiento | I214: Office
A215: ME | B215: Marzo | D215: =-38.04-12.5-17.5 -> -68.04 | E215: 0 | F215: 0 | G215: 0 | H215: Mantenimiento | I215: Office
A216: ME | B216: Enero | D216: 38.04 | E216: 0 | F216: 0 | G216: 0 | H216: Mantenimiento | I216: Agua
A217: ME | B217: Marzo | D217: =0.5+9.7+1.4+5.3 -> 16.9 | E217: 0 | F217: 0 | G217: 0 | H217: Suministro | I217: Despacho
A218: ME | B218: Marzo | D218: =55+31.49 -> 86.49 | E218: 0 | F218: 0 | G218: 0 | H218: Suministro | I218: Despacho
A219: AL | B219: Febrero | D219: 2440 | E219: 0 | F219: 0 | G219: 0 | H219: Colaborador Jurídico | I219: Colaborador Externo
